Workbook
Name CARIMBO: INDEX(#REF!,MATCH(#REF!,#REF!,0))
Name cestabasica: #REF!
Name CONTAGEM: #REF!
Name encargos: #REF!
Name Excel_BuiltIn_Print_Area: #REF!
Name Excel_BuiltIn_Print_Area_1: #REF!
Name Excel_BuiltIn_Print_Area_2: #REF!
Name grupoa: #REF!
Name grupob: #REF!
Name grupoc: #REF!
Name grupod: #REF!
Name horasnoturnaspormes: #REF!
Name insumos: #REF!
Name OLE_LINK1: 'Quadro Resumo'!#REF!
Name provadeimposto: #REF!
Name quantidade: #REF!
Name remuneracao: #REF!
Name remuneracaomaisreserva: #REF!
Name reservatecnica: #REF!
Name salario: #REF!
Name salariosupervisor: #REF!
Name segurodevida: #REF!
Name soma: #REF!
Name subsoma: #REF!
Name tarifaonibus: #REF!
Name totaldeinsumos: #REF!
Name treinamento: #REF!
Name uniforme: #REF!
Name valordahoranoturno: #REF!

Sheet CUSTOS DE VALOR SUBJETIVO
A1: DETALHAMENTO - COMPOSIÇÃO DOS CAMPOS OUTROS INSUMOS, OUTROS BENEFÍCIOS OBRIGATÓRIOS, E DESPESAS ADMINISTRATIVAS/OPERACIONAIS
A3: OUTROS INSUMOS | B3: VALOR ANUAL | C3: JUSTIFICATIVA
A9: TOTAL DE OUTROS INSUMOS | B9: =SUM(B4:B8) -> 0
A11: OUTROS BENEFÍCIOS OBRIGATÓRIOS | B11: V ALOR ANUAL | C11: JUSTIFICATIVA
B13: ,
A17: TOTAL DE OUTROS BENEFÍCIOS OBRIGATÓRIOS | B17: =SUM(B12:B14) -> 0
A19: DETALHAMENTO DAS DESPESAS ADMINISTRATIVAS/OPERACIONAIS | B19: Percentual (%)
A30: TOTAL DAS DESPESAS ADMINISTRATIVAS/OPERACIONAIS | B30: =SUM(B20:B29) -> 0

Sheet Quadro Resumo
A2: QUADRO RESUMO
A6: Posto de trabalho | B6: Salário-base (R$) | C6: Custo total unitário mensal (R$) | D6: Quantidade | E6: Valor mensal (R$) | F6: Valor anual (R$) | G6: Valor total (R$)
A7: Auxiliar administrativo | B7: 3000 | C7: ='Posto 1'!D80 -> 6181.73 | D7: 3 | E7: =D7*C7 -> 18545.19 | F7: =E7*12 -> 222542.28 | G7: =SUM(F7*5,D7*$C$17) -> 1112711.4
A8: Assistente administrativo e contábil I | B8: 4500 | C8: ='Posto 2'!D80 -> 8633.49 | D8: 2 | E8: =D8*C8 -> 17266.98 | F8: =E8*12 -> 207203.76 | G8: =SUM(F8*5,D8*$C$17) -> 1036018.8
A9: Assistente de compras e contratos I | B9: 4500 | C9: ='Posto 3'!D80 -> 8633.49 | D9: 6 | E9: =D9*C9 -> 51800.94 | F9: =E9*12 -> 621611.28 | G9: =SUM(F9*5,D9*$C$17) -> 3108056.4
A10: Assistente administrativo e contábil II | B10: 6730.94 | C10: ='Posto 4'!D80 -> 12279.91 | D10: 4 | E10: =D10*C10 -> 49119.64 | F10: =E10*12 -> 589435.68 | G10: =SUM(F10*5,D10*$C$17) -> 2947178.4
A11: Assistente de compras e contratos II | B11: 6730.94 | C11: ='Posto 5'!D80 -> 12279.91 | D11: 8 | E11: =D11*C11 -> 98239.28 | F11: =E11*12 -> 1178871.4 | G11: =SUM(F11*5,D11*$C$17) -> 5894356.8
A12: Encarregado de compras e contratos | B12: 9000 | C12: ='Posto 6'!D80 -> 16066.78 | D12: 2 | E12: =D12*C12 -> 32133.56 | F12: =E12*12 -> 385602.72 | G12: =SUM(F12*5,D12*$C$17) -> 1928013.6
A13: Encarregado de fiscalização | B13: 9000 | C13: ='Posto 7'!D80 -> 16066.78 | D13: 1 | E13: =D13*C13 -> 16066.78 | F13: =E13*12 -> 192801.36 | G13: =SUM(F13*5,D13*$C$17) -> 964006.8
A14: PREÇO GLOBAL: | E14: =SUM(E7:E12) -> 267105.59 | F14: =SUM(F7:F12) -> 3205267.1 | G14: =SUM(G7:G13) -> 16990342
A16: EQUIPAMENTO PARA UTILIZAÇÃO POR CADA EMPREGADO, NO REGIME DE TELETRABALHO | C16: Valor total por empregado
A17: configuração mínima por equipamento: processador Intel i5 10ª geração, Memória de 8 GB RAM Monitor de 15 polegadas (1366x768), SSD 240 GB, Saída HDMI, 2 USB, Wireless 802.11ac, Bluetooth, Câmera 720p, fone de ouvido, e Windows 11
A20: Bonificação e outras despesas | B20: Percentual
A21: Lucro
A22: Despesas administrativas/operacionais | B22: ='CUSTOS DE VALOR SUBJETIVO'!B30 -> 0
A25: Plano de saúde | B25: Valor
A26: Valor mensal do plano de saúde
A27: Taxa de adesão individual ao plano de saúde
A30: Encargos sociais incidentes sobre a remuneração | B30: Percentual
A31: RAT x FAP
A33: Tributação sobre o faturamento | B33: Percentual
A34: ISSQN ou ISS
A35: COFINS
A36: PIS/PASEP
A38: Obs.: Os valores obtidos como quocientes ou por meio de aplicação de taxas percentuais serão truncados na segunda casa decimal, nos termos da Lei Federal nº 9.069/1995, art. 1º, §5º.

Sheet Posto 1
A1: ="PLANILHA DE COMPOSIÇÃO DE CUSTOS E FORMAÇÃO DE PREÇOS - " & 'Quadro Resumo'!A7 -> PLANILHA DE COMPOSIÇÃO DE CUSTOS E FORMAÇÃO DE PREÇOS - Auxiliar administrativo
A3: I - SALÁRIO BASE DO(A) PROFISSIONAL | D3: VALOR | E3: -
A4: ='Quadro Resumo'!A7 -> Auxiliar administrativo | C4: Carga horária de 220h | D4: ='Quadro Resumo'!B7 -> 3000 | E4: -
A6: II - COMPOSIÇÃO DA REMUNERAÇÃO | B6: QUANTIDADE | C6: MEMÓRIA DE CÁLCULO | D6: VALOR | E6: FUNDAMENTO
A7: Salário-base | B7: - | C7: - | D7: =TRUNC(D4,2) -> 3000
A8: TOTAL II | B8: - | C8: (soma) | D8: =SUM(D7:D7) -> 3000 | E8: -
A10: III - ENCARGOS SOCIAIS E TRABALHISTAS
A11: GRUPO III-A - Encargos previdenciários, FGTS e outras contribuições | B11: PERCENTUAL | C11: MEMÓRIA DE CÁLCULO | D11: VALOR | E11: FUNDAMENTO
A12: A.01 INSS | B12: 0.2 | C12: 20,000% * TOTAL II | D12: =TRUNC(B12*$D$8,2) -> 600 | E12: Art. 22, inciso I da Lei nº 8.212/91
A13: A.02 FGTS | B13: 0.08 | C13: 8,000% * TOTAL II | D13: =TRUNC(B13*$D$8,2) -> 240 | E13: Art. 15, Lei N° 8.036/36 e Art. 7º , III da CR/88.
A14: A.03 SESI/SESC | B14: 0.015 | C14: 1,500% * TOTAL II | D14: =TRUNC(B14*$D$8,2) -> 45 | E14: Art. 30, Lei 8.036/90.
A15: A.04 SENAI/SENAC | B15: 0.01 | C15: 1,000% * TOTAL II | D15: =TRUNC(B15*$D$8,2) -> 30 | E15: Decreto 2.318/86.
A16: A.05 INCRA | B16: 0.002 | C16: 0,200% * TOTAL II | D16: =TRUNC(B16*$D$8,2) -> 6 | E16: Lei 7.787/89 e DL 1.146/70.
A17: A.06 SEBRAE | B17: 0.006 | C17: 0,600% * TOTAL II | D17: =TRUNC(B17*$D$8,2) -> 18 | E17: Art. 8º, Lei 8.029/90 e Lei 8.154/90.
A18: A.07 Salário educação | B18: 0.025 | C18: 2,500% * TOTAL II | D18: =TRUNC(B18*$D$8,2) -> 75 | E18: Art. 3º, I, Decreto 87.043/82.
A19: A.08 Riscos ambientais do trabalho - RAT x FAP | B19: ='Quadro Resumo'!B31 -> 0 | C19: %(RAT*FAP) * TOTAL II | D19: =TRUNC(B19*$D$8,2) -> 0 | E19: Art. 22, inciso II, Lei nº 8.212/91
A20: TOTAL III-A | B20: =SUM(B12:B19) -> 0.338 | C20: (soma) | D20: =SUM(D12:D19) -> 1014 | E20: -
A22: GRUPO III-B - 13º salário | B22: PERCENTUAL | C22: MEMÓRIA DE CÁLCULO | D22: VALOR | E22: FUNDAMENTO
A23: B.01 13º salário | B23: =(1/12) -> 0.083333333 | C23: (1/12) * TOTAL II | D23: =TRUNC(B23*$D$8,2) -> 250 | E23: Art. 7º, VIII, CF/88.
A24: B.02 Incidência dos encargos do grupo A sobre o 13º | B24: =B20*B23 -> 0.028166667 | C24: %TOTAL III-A * %B.01 * TOTAL II | D24: =TRUNC(B24*$D$8,2) -> 84.5 | E24: Art. 15, da Lei 8.036/90 e o art. 214 do Decreto 3.048/1999
A25: TOTAL III-B | B25: =SUM(B23:B24) -> 0.1115 | C25: (soma) | D25: =SUM(D23:D24) -> 334.5 | E25: -
A27: GRUPO III-C - Custo de reposição do profissional ausente | B27: PERCENTUAL | C27: MEMÓRIA DE CÁLCULO | D27: VALOR | E27: FUNDAMENTO
A28: C.01 Férias | B28: =1/12 -> 0.083333333 | C28: (1/12) * TOTAL II | D28: =TRUNC(B28*$D$8,2) -> 250 | E28: Art. 7º, XVII, CF/88 e arts. 129 a 153 da CLT.
A29: C.02 Adicional de férias | B29: =(1/3)/12 -> 0.027777778 | C29: (1/3)/12 * TOTAL II | D29: =TRUNC(B29*$D$8,2) -> 83.33 | E29: Art. 7º, XVII, CF/88 e arts. 129 a 153 da CLT.
A30: C.03 Insumos e benefícios1 | B30: =D30/D8 -> 0.020886667 | C30: (TOTAL IV - vale transporte)/12 | D30: =TRUNC((D63-(D57+D58))/12,2) -> 62.66 | E30: Súmula 159 do TST.
A31: C.04 Ausência por doença2 | B31: =(5.96/30)/12 -> 0.016555556 | C31: (5,96/30)/12 * TOTAL II | D31: =TRUNC(B31*$D$8,2) -> 49.66 | E31: Art. 59 a 63, Lei 8.213/91.
A32: C.05 Auxílio doença acidentário3 | B32: =(((15/30)/12)*0.00743) -> 0.00030958333 | C32: ((15/30)/12)* 0,00743 * TOTAL II | D32: =TRUNC(B32*$D$8,2) -> 0.92 | E32: Art. 19 a 23 da Lei, 8.213/91.
A33: C.06 Faltas legais4 | B33: =(2.96/30)/12 -> 0.0082222222 | C33: (2,96/30)/12 * TOTAL II | D33: =TRUNC(B33*$D$8,2) -> 24.66 | E33: Art. 473, CLT.
A34: C.07 Licença paternidade5 | B34: =((5/30)/12)*0.557*0.01092 -> 8.4478333e-05 | C34: [(5/30)/12] * 0,557* 0,01092 * TOTAL II | D34: =TRUNC(B34*$D$8,2) -> 0.25 | E34: Art. 7º, XIX, CF/88 e art. 473, III, CLT.
A35: C.08 Aviso prévio trabalhado6 | B35: =(7/30)/12*0.9445 -> 0.018365278 | C35: [(7/30)/12] * 0,9445 *TOTAL II | D35: =TRUNC(B35*$D$8,2) -> 55.09 | E35: Art. 7º, XXI, CF/88, 477, 487 e 491 CLT.
A36: C.09 Afastamento maternidade7 | B36: =D36/D8 -> 0.00058333333 | C36: [(Férias + adicional de férias)/12 + (TOTAL IV - vale transporte)] * (4/12) * 0,01092 * 0,443 | D36: =TRUNC((((D8*(1+(1/3)))/12)+(D63-(D57+D58)))*(4/12)*0.01092*0.443,2) -> 1.75 | E36: Art. 7º, XVII, CF/88 e arts. 129 a 153 da CLT.
A37: C.10 Incidência dos encargos do grupo A sobre itens anteriores | B37: =B20*SUM(B28,B29,B31,B32,B33,B34,B35) -> 0.052271101 | C37: %TOTAL III-A * %(C.01+C.02+C.04+C.05+C.06+C.07+C.08) * TOTAL II | D37: =TRUNC(B37*$D$8,2) -> 156.81 | E37: Art. 15, da Lei 8.036/90, e o art. 214 do Decreto 3.048/1999
A38: C.11 Incidência dos encargos do grupo A sobre a remuneração do afastamento maternidade | B38: =B20*B36 -> 0.00019716667 | C38: %TOTAL III-A * C.09 * TOTAL II | D38: =TRUNC(B38*$D$8,2) -> 0.59 | E38: Art. 6º e 201, CF/88, 392 CLT.
A39: TOTAL III-C | B39: =SUM(B28:B38) -> 0.2285865 | C39: (soma) | D39: =SUM(D28:D38) -> 685.72 | E39: -
A40: 1Referentes unicamente à substituição por motivo de férias | B40: 4Estima-se de 2,96 ausências por ano. | D40: 7Tendo em conta a taxa de natalidade de 1,092% e o percentual de mulheres empregadas de 44,3%
A41: 2Estima-se de 5,96 dias de licença por ano. | B41: 5Tendo em vista a taxa de natalidade de 1,092% e o percentual de homens empregados de 55,7%
A42: 3Estima-se que 0,743% dos empregados alocados fruirão o benefício | B42: 6Redução de 7 dias ou de 2h por dia. Percentual relativo a contrato de 12 meses.
A43: GRUPO III-D - Provisão para a rescisão | B43: PERCENTUAL | C43: MEMÓRIA DE CÁLCULO | D43: VALOR | E43: FUNDAMENTO
A44: D.01 Aviso prévio indenizado¹ | B44: =(1/12)*0.0555 -> 0.004625 | C44: (1/12) * 0,0555 * TOTAL II | D44: =TRUNC(B44*$D$8,2) -> 13.87 | E44: Art. 7º, XXI, CF/88, 477,487 e 491 CLT.
A45: D.02 FGTS sobre aviso prévio indenizado | B45: =(1/12)*0.0555*0.08 -> 0.00037 | C45: (1/12) * 0,0555* 0,08 * TOTAL II | D45: =TRUNC(B45*$D$8,2) -> 1.11 | E45: Súmula 305 do TST.
A46: D.03 Indenização2 | B46: =0.4*0.08 -> 0.032 | C46: 0,4 * 0,08 * TOTAL II | D46: =TRUNC(B46*$D$8,2) -> 96 | E46: Art. 18, § 1º, Lei 8.036/90 e Art. 1º, Lei Complementar 110.
A47: D.04 Indenização adicional3 | B47: =(1/12)*0.01 -> 0.00083333333 | C47: (1/12) * % estimado de ocorrência *TOTAL II | D47: =TRUNC(B47*$D$8,2) -> 2.5 | E47: Art. 9º, Lei 7.238/84
A48: D.05 FGTS sobre afastamento superior a 15 dias por acidente de trabalho4 | B48: =0.08*B32 -> 2.4766667e-05 | C48: 0,08 * %C.05 | D48: =TRUNC(B48*$D$8,2) -> 0.07 | E48: Art. 15, §5° da Lei n. 8.036/1990
A49: TOTAL III-D | B49: =SUM(B44:B48) -> 0.0378531 | C49: (soma) | D49: =SUM(D44:D48) -> 113.55 | E49: -
A50: 1Estima-se que 5,5% dos empregados receberão o aviso prévio indenizado | B50: 3Considerando que 1% dos empregados serão demitidos com indenização adicional.
A51: 2Multa de 40% do FGTS | B51: 4Estimativa de que 0,64% dos empregados fruem do auxílio doença acidentário por período médio de 30 dias.
A52: TOTAL III | B52: =SUM(B49,B39,B25,B20) -> 0.7159396 | C52: TOTAL III-A + TOTAL III-B + TOTAL III-C + TOTAL III-D | D52: =SUM(D20,D25,D39,D49) -> 2147.77 | E52: -
A54: IV - INSUMOS E BENEFÍCIOS
A55: GRUPO IV- Benefícios mensais e diários | B55: VALOR | C55: MEMÓRIA DE CÁLCULO | D55: VALOR | E55: FUNDAMENTO
A56: Vale alimentação/refeição¹ | B56: 34.18 | C56: =B56 & " * 22" -> 34,18 * 22 | D56: =TRUNC(B56*22,2) -> 751.96 | E56: Baseado no preço médio de uma refeição de 500g nos restaurantes próximos à sede do BDMG
A57: Vale-transporte | B57: 5.25 | C57: =B57& " * 4 * 22" -> 5,25 * 4 * 22 | D57: =TRUNC(B57*22*4,2) -> 462 | E57: Mediana das tarifas expressas na PORTARIA SUMOB N° 074/2023, 2 passagens de ida e 2 de volta, 22 dias.
A58: Desconto legal sobre transporte (máximo de 6% do salário-base) | B58: =D58 -> -180 | C58: (-0,06*Salário) | D58: =IF(D57>=TRUNC(0.06*D7,2),TRUNC(-0.06*D7,2),-D57) -> -180 | E58: Art. 4º, parágrafo único, Lei 7.418/85.
A59: Plano de saúde | B59: ='Quadro Resumo'!B26 -> 0 | C59: =B59 & " * 3" -> 0 * 3 | D59: =ROUND(B59*3,2) -> 0 | E59: Consideradados o empregado e dois dependentes
A60: Taxa de adesão individual ao plano de saúde | B60: ='Quadro Resumo'!B27 -> 0 | C60: =B60&" * 3/12" -> 0 * 3/12 | D60: =ROUND(B60*3/12,2) -> 0 | E60: Consideradados o empregado e dois dependentes
A61: Outros insumos | B61: =ROUNDUP('CUSTOS DE VALOR SUBJETIVO'!B9/12,2) -> 0 | C61: Detalhada na aba CUSTOS DE VALOR SUBJETIVO | D61: =B61 -> 0 | E61: Insumos eventualmente não previstos na planilha necessários ao cumprimento do objeto.
A62: Outros benefícios obrigatórios | B62: =ROUNDUP('CUSTOS DE VALOR SUBJETIVO'!B17/12,2) -> 0 | C62: Detalhada na aba CUSTOS DE VALOR SUBJETIVO | D62: =B62 -> 0 | E62: Benefícios impostos pela legislação vigente, ACT ou CCT, não previstos na planilha
A63: TOTAL IV | C63: (soma) | D63: =SUM(D56:D62) -> 1033.96 | E63: -
A64: ¹Baseado na mediana dos valores praticados pelo BDMG e na CCT SEAC/SINDEAC 2023. Esse valor é mínimo aceitável e não poderá ser reduzido. Caso seja necessária complementação, em razão de ACT/CCT ou legislação que vincule o licitante, o valor complementar deve ser incluído pelo campo Outros benefícios obrigatórios.
A66: TOTAL 1: TOTAL DA REMUNERAÇÃO + ENCARGOS SOCIAIS + INSUMOS | B66: - | C66: TOTAL II + TOTAL III + TOTAL IV | D66: =SUM(D8,D52,D63) -> 6181.73 | E66: -
A68: V - BONIFICAÇÃO E OUTRAS DESPESAS | B68: PERCENTUAL | C68: MEMÓRIA DE CÁLCULO | D68: VALOR | E68: FUNDAMENTO
A69: Lucro | B69: ='Quadro Resumo'!B21 -> 0 | C69: - | D69: =TRUNC(B69*D66,2) -> 0 | E69: -
A70: Despesas administrativas/operacionais | B70: ='Quadro Resumo'!B22 -> 0 | C70: Detalhada na aba CUSTOS DE VALOR SUBJETIVO | D70: =TRUNC(B70*D66,2) -> 0 | E70: Despesas advindas diretamente da prestação dos serviços e passíveis de serem repassadas ao BDMG
A71: TOTAL V | B71: =SUM(B69:B70) -> 0 | C71: (soma) | D71: =SUM(D69:D70) -> 0 | E71: -
A73: VI - TRIBUTAÇÃO SOBRE O FATURAMENTO | B73: PERCENTUAL | C73: MEMÓRIA DE CÁLCULO | D73: VALOR | E73: FUNDAMENTO
A74: ISSQN ou ISS | B74: ='Quadro Resumo'!B34 -> 0 | C74: ((TOTAL 1 + TOTAL V)/(1-(ISS + COFINS + PIS/PASEP)))*alíquota | D74: =TRUNC((($D$66+$D$71)/(1-(($B$74+$B$75+$B$76))))*(B74),2) -> 0 | E74: Art. 156, III, CF/88
A75: COFINS | B75: ='Quadro Resumo'!B35 -> 0 | D75: =TRUNC((($D$66+$D$71)/(1-(($B$74+$B$75+$B$76))))*(B75),2) -> 0 | E75: Art. 195, CF/88 e Lei Complementar 70/91
A76: PIS/PASEP | B76: ='Quadro Resumo'!B36 -> 0 | D76: =TRUNC((($D$66+$D$71)/(1-(($B$74+$B$75+$B$76))))*(B76),2) -> 0 | E76: Art. 239, CF/88
A77: TOTAL VI | B77: =SUM(B74:B76) -> 0 | C77: (soma) | D77: =SUM(D74:D76) -> 0 | E77: -
A79: CUSTO ANUAL POR PROFISSIONAL | B79: - | C79: MEMÓRIA DE CÁLCULO | D79: MENSAL | E79: ANUAL
B80: - | C80: (TOTAL 1 + TOTAL V + TOTAL VI) | D80: =TRUNC(SUM(D66,D71,D77),2) -> 6181.73 | E80: =D80*12 -> 74180.76
A82: CUSTO POR PROFISSIONAL NOS CINCO ANOS DE VIGÊNCIA CONTRATUAL | B82: - | C82: MEMÓRIA DE CÁLCULO | D82: VALOR | E82: VALOR GLOBAL POR PROFISSIONAL
A83: CUSTO ANUAL POR PROFISSIONAL | B83: =E80 -> 74180.76 | C83: (CUSTO ANUAL POR PROFISSIONAL) * 5 +custo pelo equipamento utilizado no regime de teletrabalho | D83: =B83*5 -> 370903.8 | E83: =D83+D84 -> 370903.8
A84: Custo pelo equipamento utilizado no regime de teletrabalho | B84: ='Quadro Resumo'!C17 -> 0 | D84: ='Quadro Resumo'!C17 -> 0

Sheet Posto 2
A1: ="PLANILHA DE COMPOSIÇÃO DE CUSTOS E FORMAÇÃO DE PREÇOS - " & 'Quadro Resumo'!A8 -> PLANILHA DE COMPOSIÇÃO DE CUSTOS E FORMAÇÃO DE PREÇOS - Assistente administrativo e contábil I
A3: I - SALÁRIO BASE DO(A) PROFISSIONAL | D3: VALOR | E3: -
A4: ='Quadro Resumo'!A8 -> Assistente administrativo e contábil I | C4: Carga horária de 220h | D4: ='Quadro Resumo'!B8 -> 4500 | E4: -
A6: II - COMPOSIÇÃO DA REMUNERAÇÃO | B6: QUANTIDADE | C6: MEMÓRIA DE CÁLCULO | D6: VALOR | E6: FUNDAMENTO
A7: Salário-base | B7: - | C7: - | D7: =TRUNC(D4,2) -> 4500
A8: TOTAL II | B8: - | C8: (soma) | D8: =SUM(D7:D7) -> 4500 | E8: -
A10: III - ENCARGOS SOCIAIS E TRABALHISTAS
A11: GRUPO III-A - Encargos previdenciários, FGTS e outras contribuições | B11: PERCENTUAL | C11: MEMÓRIA DE CÁLCULO | D11: VALOR | E11: FUNDAMENTO
A12: A.01 INSS | B12: 0.2 | C12: 20,000% * TOTAL II | D12: =TRUNC(B12*$D$8,2) -> 900 | E12: Art. 22, inciso I da Lei nº 8.212/91
A13: A.02 FGTS | B13: 0.08 | C13: 8,000% * TOTAL II | D13: =TRUNC(B13*$D$8,2) -> 360 | E13: Art. 15, Lei N° 8.036/36 e Art. 7º , III da CF/88.
A14: A.03 SESI/SESC | B14: 0.015 | C14: 1,500% * TOTAL II | D14: =TRUNC(B14*$D$8,2) -> 67.5 | E14: Art. 30, Lei 8.036/90.
A15: A.04 SENAI/SENAC | B15: 0.01 | C15: 1,000% * TOTAL II | D15: =TRUNC(B15*$D$8,2) -> 45 | E15: Decreto 2.318/86.
A16: A.05 INCRA | B16: 0.002 | C16: 0,200% * TOTAL II | D16: =TRUNC(B16*$D$8,2) -> 9 | E16: Lei 7.787/89 e DL 1.146/70.
A17: A.06 SEBRAE | B17: 0.006 | C17: 0,600% * TOTAL II | D17: =TRUNC(B17*$D$8,2) -> 27 | E17: Art. 8º, Lei 8.029/90, e Lei 8.154/90.
A18: A.07 Salário educação | B18: 0.025 | C18: 2,500% * TOTAL II | D18: =TRUNC(B18*$D$8,2) -> 112.5 | E18: Art. 3º, I, Decreto 87.043/82.
A19: A.08 Riscos ambientais do trabalho - RAT x FAP | B19: ='Quadro Resumo'!B31 -> 0 | C19: %(RAT*FAP) * TOTAL II | D19: =TRUNC(B19*$D$8,2) -> 0 | E19: Art. 22, inciso II, Lei nº 8.212/91
A20: TOTAL III-A | B20: =SUM(B12:B19) -> 0.338 | C20: (soma) | D20: =SUM(D12:D19) -> 1521 | E20: -
A22: GRUPO III-B - 13º salário | B22: PERCENTUAL | C22: MEMÓRIA DE CÁLCULO | D22: VALOR | E22: FUNDAMENTO
A23: B.01 13º salário | B23: =(1/12) -> 0.083333333 | C23: (1/12) * TOTAL II | D23: =TRUNC(B23*$D$8,2) -> 375 | E23: Art. 7º, VIII, CF/88.
A24: B.02 Incidência dos encargos do grupo A sobre o 13º | B24: =B20*B23 -> 0.028166667 | C24: %TOTAL III-A * %B.01 * TOTAL II | D24: =TRUNC(B24*$D$8,2) -> 126.75 | E24: Art. 15, da Lei 8.036/90 e o art. 214 do Decreto 3.048/1999
A25: TOTAL III-B | B25: =SUM(B23:B24) -> 0.1115 | C25: (soma) | D25: =SUM(D23:D24) -> 501.75 | E25: -
A27: GRUPO III-C - Custo de reposição do profissional ausente | B27: PERCENTUAL | C27: MEMÓRIA DE CÁLCULO | D27: VALOR | E27: FUNDAMENTO
A28: C.01 Férias | B28: =1/12 -> 0.083333333 | C28: (1/12) * TOTAL II | D28: =TRUNC(B28*$D$8,2) -> 375 | E28: Art. 7º, XVII, CF/88 e arts. 129 a 153 da CLT.
A29: C.02 Adicional de férias | B29: =(1/3)/12 -> 0.027777778 | C29: (1/3)/12 * TOTAL II | D29: =TRUNC(B29*$D$8,2) -> 125 | E29: Art. 7º, XVII, CF/88 e arts. 129 a 153 da CLT.
A30: C.03 Insumos e benefícios1 | B30: =D30/D8 -> 0.013924444 | C30: (TOTAL IV - vale transporte)/12 | D30: =TRUNC((D63-(D57+D58))/12,2) -> 62.66 | E30: Súmula 159 do TST.
A31: C.04 Ausência por doença2 | B31: =(5.96/30)/12 -> 0.016555556 | C31: (5,96/30)/12 * TOTAL II | D31: =TRUNC(B31*$D$8,2) -> 74.5 | E31: Art. 59 a 63, Lei 8.213/91.
A32: C.05 Auxílio doença acidentário3 | B32: =(((15/30)/12)*0.00743) -> 0.00030958333 | C32: ((15/30)/12)* 0,00743 * TOTAL II | D32: =TRUNC(B32*$D$8,2) -> 1.39 | E32: Art. 19 a 23 da Lei, 8.213/91.
A33: C.06 Faltas legais4 | B33: =(2.96/30)/12 -> 0.0082222222 | C33: (2,96/30)/12 * TOTAL II | D33: =TRUNC(B33*$D$8,2) -> 37 | E33: Art. 473, CLT.
A34: C.07 Licença paternidade5 | B34: =((5/30)/12)*0.557*0.01092 -> 8.4478333e-05 | C34: [(5/30)/12] * 0,557* 0,01092 * TOTAL II | D34: =TRUNC(B34*$D$8,2) -> 0.38 | E34: Art. 7º, XIX, CF/88 e art. 473, III, CLT.
A35: C.08 Aviso prévio trabalhado6 | B35: =((7/30)/12)*0.9445 -> 0.018365278 | C35: [(7/30)/12] * 0,9445 * TOTAL II | D35: =TRUNC(B35*$D$8,2) -> 82.64 | E35: Art. 7º, XXI, CF/88, 477, 487 e 491 CLT.
A36: C.09 Afastamento maternidade7 | B36: =D36/D8 -> 0.00044666667 | C36: [(Férias + adicional de férias)/12 + (TOTAL IV - vale transporte)] * (4/12) * 0,01092 * 0,443 | D36: =TRUNC((((D8*(1+(1/3)))/12)+(D63-(D57+D58)))*(4/12)*0.01092*0.443,2) -> 2.01 | E36: Art. 7º, XVII, CF/88 e arts. 129 a 153 da CLT.
A37: C.10 Incidência dos encargos do grupo A sobre itens anteriores | B37: =B20*SUM(B28,B29,B31,B32,B33,B34,B35) -> 0.052271101 | C37: %TOTAL III-A * %(C.01+C.02+C.04+C.05+C.06+C.07+C.08) * TOTAL II | D37: =TRUNC(B37*$D$8,2) -> 235.21 | E37: Art. 15, da Lei 8.036/90, e o art. 214 do Decreto 3.048/1999
A38: C.11 Incidência dos encargos do grupo A sobre a remuneração do afastamento maternidade | B38: =B20*B36 -> 0.00015097333 | C38: %TOTAL III-A * C.09 * TOTAL II | D38: =TRUNC(B38*$D$8,2) -> 0.67 | E38: Art. 6º e 201, CF/88 e art. 392 CLT.
A39: TOTAL III-C | B39: =SUM(B28:B38) -> 0.22144141 | C39: (soma) | D39: =SUM(D28:D38) -> 996.46 | E39: -
A40: 1Referentes unicamente à substituição por motivo de férias | B40: 4Estima-se de 2,96 ausências por ano. | D40: 7Tendo em conta a taxa de natalidade de 1,092% e o percentual de mulheres empregadas de 44,3%
A41: 2Estima-se de 5,96 dias de licença por ano. | B41: 5Tendo em vista a taxa de natalidade de 1,092% e o percentual de homens empregados de 55,7%
A42: 3Estima-se que 0,743% dos empregados alocados fruirão o benefício | B42: 6Redução de 7 dias ou de 2h por dia. Percentual relativo a contrato de 12 meses.
A43: GRUPO III-D - Provisão para a rescisão | B43: PERCENTUAL | C43: MEMÓRIA DE CÁLCULO | D43: VALOR | E43: FUNDAMENTO
A44: D.01 Aviso prévio indenizado¹ | B44: =(1/12)*0.0555 -> 0.004625 | C44: (1/12) * 0,0555 * TOTAL II | D44: =TRUNC(B44*$D$8,2) -> 20.81 | E44: Art. 7º, XXI, CF/88, 477,487 e 491 CLT.
A45: D.02 FGTS sobre aviso prévio indenizado | B45: =(1/12)*0.055*0.08 -> 0.00036666667 | C45: (1/12) * 0,055* 0,08 * TOTAL II | D45: =TRUNC(B45*$D$8,2) -> 1.65 | E45: Súmula 305 do TST.
A46: D.03 Indenização2 | B46: =0.4*0.08 -> 0.032 | C46: 0,4 * 0,08 * TOTAL II | D46: =TRUNC(B46*$D$8,2) -> 144 | E46: Art. 18, § 1º, Lei 8.036/90 e Art. 1º, Lei Complementar 110.
A47: D.04 Indenização adicional3 | B47: =(1/12)*0.01 -> 0.00083333333 | C47: (1/12)* % estimado de ocorrência * TOTAL II | D47: =TRUNC(B47*$D$8,2) -> 3.75 | E47: Art. 9º, Lei 7.238/84
A48: D.05 FGTS sobre afastamento superior a 15 dias por acidente de trabalho4 | B48: =0.08*B32 -> 2.4766667e-05 | C48: 0,08 * %C.05 | D48: =TRUNC(B48*D8,2) -> 0.11 | E48: Art. 15, §5° da Lei n. 8.036/1990
A49: TOTAL III-D | B49: =SUM(B44:B48) -> 0.037849767 | C49: (soma) | D49: =SUM(D44:D48) -> 170.32 | E49: -
A50: 1Estima-se que 5,55% dos empregados receberão o aviso prévio indenizado. | B50: 3Considerando que 1% dos empregados serão demitidos com indenização adicional..
A51: 2Multa de 40% do FGTS | B51: 4Estimativa de que 0,64% dos empregados fruem do auxílio doença acidentário por período médio de 30 dias.
A52: TOTAL III | B52: =SUM(B49,B39,B25,B20) -> 0.70879118 | C52: TOTAL III-A + TOTAL III-B + TOTAL III-C + TOTAL III-D | D52: =SUM(D20,D25,D39,D49) -> 3189.53 | E52: -
A54: IV - INSUMOS E BENEFÍCIOS
A55: GRUPO IV - Benefícios mensais e diários | B55: VALOR | C55: MEMÓRIA DE CÁLCULO | D55: VALOR | E55: FUNDAMENTO
A56: Vale alimentação/refeição1 | B56: 34.18 | C56: =B56 & " * 22" -> 34,18 * 22 | D56: =TRUNC(B56*22,2) -> 751.96 | E56: Baseado no preço médio de uma refeição de 500g nos restaurantes próximos à sede do BDMG
A57: Vale-transporte | B57: 5.25 | C57: =B57& " * 4 * 22" -> 5,25 * 4 * 22 | D57: =TRUNC(B57*22*4,2) -> 462 | E57: Mediana das tarifas expressas na PORTARIA SUMOB N° 074/2023, 2 passagens de ida e 2 de volta, 22 dias.
A58: Desconto legal sobre transporte (máximo de 6% do salário-base) | B58: =D58 -> -270 | C58: (-0,06*Salário) | D58: =IF(D57>=TRUNC(0.06*D7,2),TRUNC(-0.06*D7,2),-D57) -> -270 | E58: Art. 4º, parágrafo único, Lei 7.418/85.
A59: Plano de saúde | B59: ='Quadro Resumo'!B26 -> 0 | C59: =B59 & " * 3" -> 0 * 3 | D59: =ROUND(B59*3,2) -> 0 | E59: Consideradados o empregado e dois dependentes
A60: Taxa de adesão individual ao plano de saúde | B60: ='Quadro Resumo'!B27 -> 0 | C60: =B60&" * 3/12" -> 0 * 3/12 | D60: =ROUND(B60*3/12,2) -> 0 | E60: Consideradados o empregado e dois dependentes
A61: Outros insumos | B61: =ROUNDUP('CUSTOS DE VALOR SUBJETIVO'!B9/12,2) -> 0 | C61: Detalhada na aba CUSTOS DE VALOR SUBJETIVO | D61: =B61 -> 0 | E61: Insumos eventualmente não previstos na planilha necessários ao cumprimento do objeto.
A62: Outros benefícios obrigatórios | B62: =ROUNDUP('CUSTOS DE VALOR SUBJETIVO'!B17/12,2) -> 0 | C62: Detalhada na aba CUSTOS DE VALOR SUBJETIVO | D62: =B62 -> 0 | E62: Benefícios impostos pela legislação vigente, ACT ou CCT, não previstos na planilha
A63: TOTAL IV | C63: (soma) | D63: =SUM(D56:D62) -> 943.96 | E63: -
A64: ¹Baseado na mediana dos valores praticados pelo BDMG e na CCT SEAC/SINDEAC 2023. Esse valor é mínimo aceitável e não poderá ser reduzido. Caso seja necessária complementação, em razão de ACT/CCT ou legislação que vincule o licitante, o valor complementar deve ser incluído pelo campo Outros benefícios obrigatórios.
A66: TOTAL 1: TOTAL DA REMUNERAÇÃO + ENCARGOS SOCIAIS + INSUMOS | B66: - | C66: TOTAL II + TOTAL III + TOTAL IV | D66: =SUM(D8,D52,D63) -> 8633.49 | E66: -
A68: V - BONIFICAÇÃO E OUTRAS DESPESAS | B68: PERCENTUAL | C68: MEMÓRIA DE CÁLCULO | D68: VALOR | E68: FUNDAMENTO
A69: Lucro | B69: ='Quadro Resumo'!B21 -> 0 | C69: - | D69: =TRUNC(B69*D66,2) -> 0 | E69: -
A70: Despesas administrativas/operacionais | B70: ='Quadro Resumo'!B22 -> 0 | C70: Detalhada na aba CUSTOS DE VALOR SUBJETIVO | D70: =TRUNC(B70*D66,2) -> 0 | E70: Despesas advindas diretamente da prestação dos serviços e passíveis de serem repassadas ao BDMG
A71: TOTAL V | B71: =SUM(B69:B70) -> 0 | C71: (soma) | D71: =SUM(D69:D70) -> 0 | E71: -
A73: VI - TRIBUTAÇÃO SOBRE O FATURAMENTO | B73: PERCENTUAL | C73: MEMÓRIA DE CÁLCULO | D73: VALOR | E73: FUNDAMENTO
A74: ISSQN ou ISS | B74: ='Quadro Resumo'!B34 -> 0 | C74: ((TOTAL 1 + TOTAL V)/(1-(ISS + COFINS + PIS/PASEP)))*alíquota | D74: =TRUNC((($D$66+$D$71)/(1-(($B$74+$B$75+$B$76))))*(B74),2) -> 0 | E74: Art. 156, III, CF/88
A75: COFINS | B75: ='Quadro Resumo'!B35 -> 0 | D75: =TRUNC((($D$66+$D$71)/(1-(($B$74+$B$75+$B$76))))*(B75),2) -> 0 | E75: Art. 195, CF/88 e Lei Complementar 70/91
A76: PIS/PASEP | B76: ='Quadro Resumo'!B36 -> 0 | D76: =TRUNC((($D$66+$D$71)/(1-(($B$74+$B$75+$B$76))))*(B76),2) -> 0 | E76: Art. 239, CF/88
A77: TOTAL VI | B77: =SUM(B74:B76) -> 0 | C77: (soma) | D77: =SUM(D74:D76) -> 0 | E77: -
A79: CUSTO POR PROFISSIONAL | B79: - | C79: MEMÓRIA DE CÁLCULO | D79: MENSAL | E79: ANUAL
B80: - | C80: (TOTAL 1 + TOTAL V + TOTAL VI) | D80: =TRUNC(SUM(D66,D71,D77),2) -> 8633.49 | E80: =D80*12 -> 103601.88
A82: CUSTO POR PROFISSIONAL NOS CINCO ANOS DE VIGÊNCIA CONTRATUAL | B82: - | C82: MEMÓRIA DE CÁLCULO | D82: VALOR | E82: VALOR GLOBAL
A83: CUSTO ANUAL POR PROFISSIONAL | B83: =E80 -> 103601.88 | C83: (CUSTO ANUAL POR PROFISSIONAL) * 5 | D83: =B83*5 -> 518009.4 | E83: =D83+D84 -> 518009.4
A84: Custo pelo equipamento utilizado no regime de teletrabalho | B84: ='Quadro Resumo'!C17 -> 0 | C84: Informado na aba Quadro Resumo | D84: ='Quadro Resumo'!C17 -> 0

Sheet Posto 3
A1: ="PLANILHA DE COMPOSIÇÃO DE CUSTOS E FORMAÇÃO DE PREÇOS - " & 'Quadro Resumo'!A9 -> PLANILHA DE COMPOSIÇÃO DE CUSTOS E FORMAÇÃO DE PREÇOS - Assistente de compras e contratos I
A3: I - SALÁRIO BASE DO(A) PROFISSIONAL | D3: VALOR | E3: -
A4: ='Quadro Resumo'!A9 -> Assistente de compras e contratos I | C4: Carga horária de 220h | D4: ='Quadro Resumo'!B9 -> 4500 | E4: -
A6: II - COMPOSIÇÃO DA REMUNERAÇÃO | B6: QUANTIDADE | C6: MEMÓRIA DE CÁLCULO | D6: VALOR | E6: FUNDAMENTO
A7: Salário-base | B7: - | C7: - | D7: =TRUNC(D4,2) -> 4500
A8: TOTAL II | B8: - | C8: (soma) | D8: =SUM(D7:D7) -> 4500 | E8: -
A10: III - ENCARGOS SOCIAIS E TRABALHISTAS
A11: GRUPO III-A - Encargos previdenciários, FGTS e outras contribuições | B11: PERCENTUAL | C11: MEMÓRIA DE CÁLCULO | D11: VALOR | E11: FUNDAMENTO
A12: A.01 INSS | B12: 0.2 | C12: 20,000% * TOTAL II | D12: =TRUNC(B12*$D$8,2) -> 900 | E12: Art. 22, inciso I da Lei nº 8.212/91
A13: A.02 FGTS | B13: 0.08 | C13: 8,000% * TOTAL II | D13: =TRUNC(B13*$D$8,2) -> 360 | E13: Art. 15, Lei N° 8.036/36 e Art. 7º , III da CF/88.
A14: A.03 SESI/SESC | B14: 0.015 | C14: 1,500% * TOTAL II | D14: =TRUNC(B14*$D$8,2) -> 67.5 | E14: Art. 30, Lei 8.036/90.
A15: A.04 SENAI/SENAC | B15: 0.01 | C15: 1,000% * TOTAL II | D15: =TRUNC(B15*$D$8,2) -> 45 | E15: Decreto 2.318/86.
A16: A.05 INCRA | B16: 0.002 | C16: 0,200% * TOTAL II | D16: =TRUNC(B16*$D$8,2) -> 9 | E16: Lei 7.787/89 e DL 1.146/70.
A17: A.06 SEBRAE | B17: 0.006 | C17: 0,600% * TOTAL II | D17: =TRUNC(B17*$D$8,2) -> 27 | E17: Art. 8º, Lei 8.029/90, e Lei 8.154/90.
A18: A.07 Salário educação | B18: 0.025 | C18: 2,500% * TOTAL II | D18: =TRUNC(B18*$D$8,2) -> 112.5 | E18: Art. 3º, I, Decreto 87.043/82.
A19: A.08 Riscos ambientais do trabalho - RAT x FAP | B19: ='Quadro Resumo'!B31 -> 0 | C19: %(RAT*FAP) * TOTAL II | D19: =TRUNC(B19*$D$8,2) -> 0 | E19: Art. 22, inciso II, Lei nº 8.212/91
A20: TOTAL III-A | B20: =SUM(B12:B19) -> 0.338 | C20: (soma) | D20: =SUM(D12:D19) -> 1521 | E20: -
A22: GRUPO III-B - 13º salário | B22: PERCENTUAL | C22: MEMÓRIA DE CÁLCULO | D22: VALOR | E22: FUNDAMENTO
A23: B.01 13º salário | B23: =(1/12) -> 0.083333333 | C23: (1/12) * TOTAL II | D23: =TRUNC(B23*$D$8,2) -> 375 | E23: Art. 7º, VIII, CF/88.
A24: B.02 Incidência dos encargos do grupo A sobre o 13º | B24: =B20*B23 -> 0.028166667 | C24: %TOTAL III-A * %B.01 * TOTAL II | D24: =TRUNC(B24*$D$8,2) -> 126.75 | E24: Art. 15, da Lei 8.036/90 e o art. 214 do Decreto 3.048/1999
A25: TOTAL III-B | B25: =SUM(B23:B24) -> 0.1115 | C25: (soma) | D25: =SUM(D23:D24) -> 501.75 | E25: -
A27: GRUPO III-C - Custo de reposição do profissional ausente | B27: PERCENTUAL | C27: MEMÓRIA DE CÁLCULO | D27: VALOR | E27: FUNDAMENTO
A28: C.01 Férias | B28: =1/12 -> 0.083333333 | C28: (1/12) * TOTAL II | D28: =TRUNC(B28*$D$8,2) -> 375 | E28: Art. 7º, XVII, CF/88 e arts. 129 a 153 da CLT.
A29: C.02 Adicional de férias | B29: =(1/3)/12 -> 0.027777778 | C29: (1/3)/12 * TOTAL II | D29: =TRUNC(B29*$D$8,2) -> 125 | E29: Art. 7º, XVII, CF/88 e arts. 129 a 153 da CLT.
A30: C.03 Insumos e benefícios1 | B30: =D30/D8 -> 0.013924444 | C30: (TOTAL IV - vale transporte)/12 | D30: =TRUNC((D63-(D57+D58))/12,2) -> 62.66 | E30: Súmula 159 do TST.
A31: C.04 Ausência por doença2 | B31: =(5.96/30)/12 -> 0.016555556 | C31: (5,96/30)/12 * TOTAL II | D31: =TRUNC(B31*$D$8,2) -> 74.5 | E31: Art. 59 a 63, Lei 8.213/91.
A32: C.05 Auxílio doença acidentário3 | B32: =(((15/30)/12)*0.00743) -> 0.00030958333 | C32: ((15/30)/12)* 0,00743 * TOTAL II | D32: =TRUNC(B32*$D$8,2) -> 1.39 | E32: Art. 19 a 23 da Lei, 8.213/91.
A33: C.06 Faltas legais4 | B33: =(2.96/30)/12 -> 0.0082222222 | C33: (2,96/30)/12 * TOTAL II | D33: =TRUNC(B33*$D$8,2) -> 37 | E33: Art. 473, CLT.
A34: C.07 Licença paternidade5 | B34: =((5/30)/12)*0.557*0.01092 -> 8.4478333e-05 | C34: [(5/30)/12] * 0,557* 0,01092 * TOTAL II | D34: =TRUNC(B34*$D$8,2) -> 0.38 | E34: Art. 7º, XIX, CF/88 e art. 473, III, CLT.
A35: C.08 Aviso prévio trabalhado6 | B35: =((7/30)/12)*0.9445 -> 0.018365278 | C35: [(7/30)/12] * 0,9445 * TOTAL II | D35: =TRUNC(B35*$D$8,2) -> 82.64 | E35: Art. 7º, XXI, CF/88, 477, 487 e 491 CLT.
A36: C.09 Afastamento maternidade7 | B36: =D36/D8 -> 0.00044666667 | C36: [(Férias + adicional de férias)/12 + (TOTAL IV - vale transporte)] * (4/12) * 0,01092 * 0,443 | D36: =TRUNC((((D8*(1+(1/3)))/12)+(D63-(D57+D58)))*(4/12)*0.01092*0.443,2) -> 2.01 | E36: Art. 7º, XVII, CF/88 e arts. 129 a 153 da CLT.
A37: C.10 Incidência dos encargos do grupo A sobre itens anteriores | B37: =B20*SUM(B28,B29,B31,B32,B33,B34,B35) -> 0.052271101 | C37: %TOTAL III-A * %(C.01+C.02+C.04+C.05+C.06+C.07+C.08) * TOTAL II | D37: =TRUNC(B37*$D$8,2) -> 235.21 | E37: Art. 15, da Lei 8.036/90, e o art. 214 do Decreto 3.048/1999
A38: C.11 Incidência dos encargos do grupo A sobre a remuneração do afastamento maternidade | B38: =B20*B36 -> 0.00015097333 | C38: %TOTAL III-A * C.09 * TOTAL II | D38: =TRUNC(B38*$D$8,2) -> 0.67 | E38: Art. 6º e 201, CF/88 e art. 392 CLT.
A39: TOTAL III-C | B39: =SUM(B28:B38) -> 0.22144141 | C39: (soma) | D39: =SUM(D28:D38) -> 996.46 | E39: -
A40: 1Referentes unicamente à substituição por motivo de férias | B40: 4Estima-se de 2,96 ausências por ano. | D40: 7Tendo em conta a taxa de natalidade de 1,092% e o percentual de mulheres empregadas de 44,3%
A41: 2Estima-se de 5,96 dias de licença por ano. | B41: 5Tendo em vista a taxa de natalidade de 1,092% e o percentual de homens empregados de 55,7%
A42: 3Estima-se que 0,743% dos empregados alocados fruirão o benefício | B42: 6Redução de 7 dias ou de 2h por dia. Percentual relativo a contrato de 12 meses.
A43: GRUPO III-D - Provisão para a rescisão | B43: PERCENTUAL | C43: MEMÓRIA DE CÁLCULO | D43: VALOR | E43: FUNDAMENTO
A44: D.01 Aviso prévio indenizado¹ | B44: =(1/12)*0.0555 -> 0.004625 | C44: (1/12) * 0,0555 * TOTAL II | D44: =TRUNC(B44*$D$8,2) -> 20.81 | E44: Art. 7º, XXI, CF/88, 477,487 e 491 CLT.
A45: D.02 FGTS sobre aviso prévio indenizado | B45: =(1/12)*0.055*0.08 -> 0.00036666667 | C45: (1/12) * 0,055* 0,08 * TOTAL II | D45: =TRUNC(B45*$D$8,2) -> 1.65 | E45: Súmula 305 do TST.
A46: D.03 Indenização2 | B46: =0.4*0.08 -> 0.032 | C46: 0,4 * 0,08 * TOTAL II | D46: =TRUNC(B46*$D$8,2) -> 144 | E46: Art. 18, § 1º, Lei 8.036/90 e Art. 1º, Lei Complementar 110.
A47: D.04 Indenização adicional3 | B47: =(1/12)*0.01 -> 0.00083333333 | C47: (1/12)* % estimado de ocorrência * TOTAL II | D47: =TRUNC(B47*$D$8,2) -> 3.75 | E47: Art. 9º, Lei 7.238/84
A48: D.05 FGTS sobre afastamento superior a 15 dias por acidente de trabalho4 | B48: =0.08*B32 -> 2.4766667e-05 | C48: 0,08 * %C.05 | D48: =TRUNC(B48*D8,2) -> 0.11 | E48: Art. 15, §5° da Lei n. 8.036/1990
A49: TOTAL III-D | B49: =SUM(B44:B48) -> 0.037849767 | C49: (soma) | D49: =SUM(D44:D48) -> 170.32 | E49: -
A50: 1Estima-se que 5,55% dos empregados receberão o aviso prévio indenizado. | B50: 3Considerando que 1% dos empregados serão demitidos com indenização adicional..
A51: 2Multa de 40% do FGTS | B51: 4Estimativa de que 0,64% dos empregados fruem do auxílio doença acidentário por período médio de 30 dias.
A52: TOTAL III | B52: =SUM(B49,B39,B25,B20) -> 0.70879118 | C52: TOTAL III-A + TOTAL III-B + TOTAL III-C + TOTAL III-D | D52: =SUM(D20,D25,D39,D49) -> 3189.53 | E52: -
A54: IV - INSUMOS E BENEFÍCIOS
A55: GRUPO IV - Benefícios mensais e diários | B55: VALOR | C55: MEMÓRIA DE CÁLCULO | D55: VALOR | E55: FUNDAMENTO
A56: Vale alimentação/refeição1 | B56: 34.18 | C56: =B56 & " * 22" -> 34,18 * 22 | D56: =TRUNC(B56*22,2) -> 751.96 | E56: Baseado no preço médio de uma refeição de 500g nos restaurantes próximos à sede do BDMG
A57: Vale-transporte | B57: 5.25 | C57: =B57& " * 4 * 22" -> 5,25 * 4 * 22 | D57: =TRUNC(B57*22*4,2) -> 462 | E57: Mediana das tarifas expressas na PORTARIA SUMOB N° 074/2023, 2 passagens de ida e 2 de volta, 22 dias.
A58: Desconto legal sobre transporte (máximo de 6% do salário-base) | B58: =D58 -> -270 | C58: (-0,06*Salário) | D58: =IF(D57>=TRUNC(0.06*D7,2),TRUNC(-0.06*D7,2),-D57) -> -270 | E58: Art. 4º, parágrafo único, Lei 7.418/85.
A59: Plano de saúde | B59: ='Quadro Resumo'!B26 -> 0 | C59: =B59 & " * 3" -> 0 * 3 | D59: =ROUND(B59*3,2) -> 0 | E59: Consideradados o empregado e dois dependentes
A60: Taxa de adesão individual ao plano de saúde | B60: ='Quadro Resumo'!B27 -> 0 | C60: =B60&" * 3/12" -> 0 * 3/12 | D60: =ROUND(B60*3/12,2) -> 0 | E60: Consideradados o empregado e dois dependentes
A61: Outros insumos | B61: =ROUNDUP('CUSTOS DE VALOR SUBJETIVO'!B9/12,2) -> 0 | C61: Detalhada na aba CUSTOS DE VALOR SUBJETIVO | D61: =B61 -> 0 | E61: Insumos eventualmente não previstos na planilha necessários ao cumprimento do objeto.
A62: Outros benefícios obrigatórios | B62: =ROUNDUP('CUSTOS DE VALOR SUBJETIVO'!B17/12,2) -> 0 | C62: Detalhada na aba CUSTOS DE VALOR SUBJETIVO | D62: =B62 -> 0 | E62: Benefícios impostos pela legislação vigente, ACT ou CCT, não previstos na planilha
A63: TOTAL IV | C63: (soma) | D63: =SUM(D56:D62) -> 943.96 | E63: -
A64: ¹Baseado na mediana dos valores praticados pelo BDMG e na CCT SEAC/SINDEAC 2023. Esse valor é mínimo aceitável e não poderá ser reduzido. Caso seja necessária complementação, em razão de ACT/CCT ou legislação que vincule o licitante, o valor complementar deve ser incluído pelo campo Outros benefícios obrigatórios.
A66: TOTAL 1: TOTAL DA REMUNERAÇÃO + ENCARGOS SOCIAIS + INSUMOS | B66: - | C66: TOTAL II + TOTAL III + TOTAL IV | D66: =SUM(D8,D52,D63) -> 8633.49 | E66: -
A68: V - BONIFICAÇÃO E OUTRAS DESPESAS | B68: PERCENTUAL | C68: MEMÓRIA DE CÁLCULO | D68: VALOR | E68: FUNDAMENTO
A69: Lucro | B69: ='Quadro Resumo'!B21 -> 0 | C69: - | D69: =TRUNC(B69*D66,2) -> 0 | E69: -
A70: Despesas administrativas/operacionais | B70: ='Quadro Resumo'!B22 -> 0 | C70: Detalhada na aba CUSTOS DE VALOR SUBJETIVO | D70: =TRUNC(B70*D66,2) -> 0 | E70: Despesas advindas diretamente da prestação dos serviços e passíveis de serem repassadas ao BDMG
A71: TOTAL V | B71: =SUM(B69:B70) -> 0 | C71: (soma) | D71: =SUM(D69:D70) -> 0 | E71: -
A73: VI - TRIBUTAÇÃO SOBRE O FATURAMENTO | B73: PERCENTUAL | C73: MEMÓRIA DE CÁLCULO | D73: VALOR | E73: FUNDAMENTO
A74: ISSQN ou ISS | B74: ='Quadro Resumo'!B34 -> 0 | C74: ((TOTAL 1 + TOTAL V)/(1-(ISS + COFINS + PIS/PASEP)))*alíquota | D74: =TRUNC((($D$66+$D$71)/(1-(($B$74+$B$75+$B$76))))*(B74),2) -> 0 | E74: Art. 156, III, CF/88
A75: COFINS | B75: ='Quadro Resumo'!B35 -> 0 | D75: =TRUNC((($D$66+$D$71)/(1-(($B$74+$B$75+$B$76))))*(B75),2) -> 0 | E75: Art. 195, CF/88 e Lei Complementar 70/91
A76: PIS/PASEP | B76: ='Quadro Resumo'!B36 -> 0 | D76: =TRUNC((($D$66+$D$71)/(1-(($B$74+$B$75+$B$76))))*(B76),2) -> 0 | E76: Art. 239, CF/88
A77: TOTAL VI | B77: =SUM(B74:B76) -> 0 | C77: (soma) | D77: =SUM(D74:D76) -> 0 | E77: -
A79: CUSTO POR PROFISSIONAL | B79: - | C79: MEMÓRIA DE CÁLCULO | D79: MENSAL | E79: ANUAL
B80: - | C80: (TOTAL 1 + TOTAL V + TOTAL VI) | D80: =TRUNC(SUM(D66,D71,D77),2) -> 8633.49 | E80: =D80*12 -> 103601.88
A82: CUSTO POR PROFISSIONAL NOS CINCO ANOS DE VIGÊNCIA CONTRATUAL | B82: - | C82: MEMÓRIA DE CÁLCULO | D82: VALOR | E82: VALOR GLOBAL
A83: CUSTO ANUAL POR PROFISSIONAL | B83: =E80 -> 103601.88 | C83: (CUSTO ANUAL POR PROFISSIONAL) * 5 | D83: =B83*5 -> 518009.4 | E83: =D83+D84 -> 518009.4
A84: Custo pelo equipamento utilizado no regime de teletrabalho | B84: ='Quadro Resumo'!C17 -> 0 | C84: Informado na aba Quadro Resumo | D84: ='Quadro Resumo'!C17 -> 0

Sheet Posto 4
A1: ="PLANILHA DE COMPOSIÇÃO DE CUSTOS E FORMAÇÃO DE PREÇOS - " & 'Quadro Resumo'!A10 -> PLANILHA DE COMPOSIÇÃO DE CUSTOS E FORMAÇÃO DE PREÇOS - Assistente administrativo e contábil II
A3: I - SALÁRIO BASE DO(A) PROFISSIONAL | D3: VALOR | E3: -
A4: ='Quadro Resumo'!A10 -> Assistente administrativo e contábil II | C4: Carga horária de 220h | D4: ='Quadro Resumo'!B10 -> 6730.94 | E4: -
A6: II - COMPOSIÇÃO DA REMUNERAÇÃO | B6: QUANTIDADE | C6: MEMÓRIA DE CÁLCULO | D6: VALOR | E6: FUNDAMENTO
A7: Salário-base | B7: - | C7: - | D7: =TRUNC(D4,2) -> 6730.94
A8: TOTAL II | B8: - | C8: (soma) | D8: =SUM(D7:D7) -> 6730.94 | E8: -
A10: III - ENCARGOS SOCIAIS E TRABALHISTAS
A11: GRUPO III-A - Encargos previdenciários, FGTS e outras contribuições | B11: PERCENTUAL | C11: MEMÓRIA DE CÁLCULO | D11: VALOR | E11: FUNDAMENTO
A12: A.01 INSS | B12: 0.2 | C12: 20,000% * TOTAL II | D12: =TRUNC(B12*$D$8,2) -> 1346.18 | E12: Art. 22, inciso I da Lei nº 8.212/91
A13: A.02 FGTS | B13: 0.08 | C13: 8,000% * TOTAL II | D13: =TRUNC(B13*$D$8,2) -> 538.47 | E13: Art. 15, Lei N° 8.036/36 e Art. 7º , III da CF/88.
A14: A.03 SESI/SESC | B14: 0.015 | C14: 1,500% * TOTAL II | D14: =TRUNC(B14*$D$8,2) -> 100.96 | E14: Art. 30, Lei 8.036/90.
A15: A.04 SENAI/SENAC | B15: 0.01 | C15: 1,000% * TOTAL II | D15: =TRUNC(B15*$D$8,2) -> 67.3 | E15: Decreto 2.318/86.
A16: A.05 INCRA | B16: 0.002 | C16: 0,200% * TOTAL II | D16: =TRUNC(B16*$D$8,2) -> 13.46 | E16: Lei 7.787/89 e DL 1.146/70.
A17: A.06 SEBRAE | B17: 0.006 | C17: 0,600% * TOTAL II | D17: =TRUNC(B17*$D$8,2) -> 40.38 | E17: Art. 8º, Lei 8.029/90, e Lei 8.154/90.
A18: A.07 Salário educação | B18: 0.025 | C18: 2,500% * TOTAL II | D18: =TRUNC(B18*$D$8,2) -> 168.27 | E18: Art. 3º, I, Decreto 87.043/82.
A19: A.08 Riscos ambientais do trabalho - RAT x FAP | B19: ='Quadro Resumo'!B31 -> 0 | C19: %(RAT*FAP) * TOTAL II | D19: =TRUNC(B19*$D$8,2) -> 0 | E19: Art. 22, inciso II, Lei nº 8.212/91
A20: TOTAL III-A | B20: =SUM(B12:B19) -> 0.338 | C20: (soma) | D20: =SUM(D12:D19) -> 2275.02 | E20: -
A22: GRUPO III-B - 13º salário | B22: PERCENTUAL | C22: MEMÓRIA DE CÁLCULO | D22: VALOR | E22: FUNDAMENTO
A23: B.01 13º salário | B23: =(1/12) -> 0.083333333 | C23: (1/12) * TOTAL II | D23: =TRUNC(B23*$D$8,2) -> 560.91 | E23: Art. 7º, VIII, CF/88.
A24: B.02 Incidência dos encargos do grupo A sobre o 13º | B24: =B20*B23 -> 0.028166667 | C24: %TOTAL III-A * %B.01 * TOTAL II | D24: =TRUNC(B24*$D$8,2) -> 189.58 | E24: Art. 15, da Lei 8.036/90 e o art. 214 do Decreto 3.048/1999
A25: TOTAL III-B | B25: =SUM(B23:B24) -> 0.1115 | C25: (soma) | D25: =SUM(D23:D24) -> 750.49 | E25: -
A27: GRUPO III-C - Custo de reposição do profissional ausente | B27: PERCENTUAL | C27: MEMÓRIA DE CÁLCULO | D27: VALOR | E27: FUNDAMENTO
A28: C.01 Férias | B28: =1/12 -> 0.083333333 | C28: (1/12) * TOTAL II | D28: =TRUNC(B28*$D$8,2) -> 560.91 | E28: Art. 7º, XVII, CF/88 e arts. 129 a 153 da CLT.
A29: C.02 Adicional de férias | B29: =(1/3)/12 -> 0.027777778 | C29: (1/3)/12 * TOTAL II | D29: =TRUNC(B29*$D$8,2) -> 186.97 | E29: Art. 7º, XVII, CF/88 e arts. 129 a 153 da CLT.
A30: C.03 Insumos e benefícios1 | B30: =D30/D8 -> 0.0093092495 | C30: (TOTAL IV - vale transporte)/12 | D30: =TRUNC((D63-(D57+D58))/12,2) -> 62.66 | E30: Súmula 159 do TST.
A31: C.04 Ausência por doença2 | B31: =(5.96/30)/12 -> 0.016555556 | C31: (5,96/30)/12 * TOTAL II | D31: =TRUNC(B31*$D$8,2) -> 111.43 | E31: Art. 59 a 63, Lei 8.213/91.
A32: C.05 Auxílio doença acidentário3 | B32: =(((15/30)/12)*0.00743) -> 0.00030958333 | C32: ((15/30)/12)* 0,00743 * TOTAL II | D32: =TRUNC(B32*$D$8,2) -> 2.08 | E32: Art. 19 a 23 da Lei, 8.213/91.
A33: C.06 Faltas legais4 | B33: =(2.96/30)/12 -> 0.0082222222 | C33: (2,96/30)/12 * TOTAL II | D33: =TRUNC(B33*$D$8,2) -> 55.34 | E33: Art. 473, CLT.
A34: C.07 Licença paternidade5 | B34: =((5/30)/12)*0.557*0.01092 -> 8.4478333e-05 | C34: [(5/30)/12] * 0,557* 0,01092 * TOTAL II | D34: =TRUNC(B34*$D$8,2) -> 0.56 | E34: Art. 7º, XIX, CF/88 e art. 473, III, CLT.
A35: C.08 Aviso prévio trabalhado6 | B35: =((7/30)/12)*0.9445 -> 0.018365278 | C35: [(7/30)/12] * 0,9445 * TOTAL II | D35: =TRUNC(B35*$D$8,2) -> 123.61 | E35: Art. 7º, XXI, CF/88, 477, 487 e 491 CLT.
A36: C.09 Afastamento maternidade7 | B36: =D36/D8 -> 0.00035804806 | C36: [(Férias + adicional de férias)/12 + (TOTAL IV - vale transporte)] * (4/12) * 0,01092 * 0,443 | D36: =TRUNC((((D8*(1+(1/3)))/12)+(D63-(D57+D58)))*(4/12)*0.01092*0.443,2) -> 2.41 | E36: Art. 7º, XVII, CF/88 e arts. 129 a 153 da CLT.
A37: C.10 Incidência dos encargos do grupo A sobre itens anteriores | B37: =B20*SUM(B28,B29,B31,B32,B33,B34,B35) -> 0.052271101 | C37: %TOTAL III-A * %(C.01+C.02+C.04+C.05+C.06+C.07+C.08) * TOTAL II | D37: =TRUNC(B37*$D$8,2) -> 351.83 | E37: Art. 15, da Lei 8.036/90, e o art. 214 do Decreto 3.048/1999
A38: C.11 Incidência dos encargos do grupo A sobre a remuneração do afastamento maternidade | B38: =B20*B36 -> 0.00012102024 | C38: %TOTAL III-A * C.09 * TOTAL II | D38: =TRUNC(B38*$D$8,2) -> 0.81 | E38: Art. 6º e 201, CF/88 e art. 392 CLT.
A39: TOTAL III-C | B39: =SUM(B28:B38) -> 0.21670765 | C39: (soma) | D39: =SUM(D28:D38) -> 1458.61 | E39: -
A40: 1Referentes unicamente à substituição por motivo de férias | B40: 4Estima-se de 2,96 ausências por ano. | D40: 7Tendo em conta a taxa de natalidade de 1,092% e o percentual de mulheres empregadas de 44,3%
A41: 2Estima-se de 5,96 dias de licença por ano. | B41: 5Tendo em vista a taxa de natalidade de 1,092% e o percentual de homens empregados de 55,7%
A42: 3Estima-se que 0,743% dos empregados alocados fruirão o benefício | B42: 6Redução de 7 dias ou de 2h por dia. Percentual relativo a contrato de 12 meses.
A43: GRUPO III-D - Provisão para a rescisão | B43: PERCENTUAL | C43: MEMÓRIA DE CÁLCULO | D43: VALOR | E43: FUNDAMENTO
A44: D.01 Aviso prévio indenizado¹ | B44: =(1/12)*0.0555 -> 0.004625 | C44: (1/12) * 0,0555 * TOTAL II | D44: =TRUNC(B44*$D$8,2) -> 31.13 | E44: Art. 7º, XXI, CF/88, 477,487 e 491 CLT.
A45: D.02 FGTS sobre aviso prévio indenizado | B45: =(1/12)*0.055*0.08 -> 0.00036666667 | C45: (1/12) * 0,055* 0,08 * TOTAL II | D45: =TRUNC(B45*$D$8,2) -> 2.46 | E45: Súmula 305 do TST.
A46: D.03 Indenização2 | B46: =0.4*0.08 -> 0.032 | C46: 0,4 * 0,08 * TOTAL II | D46: =TRUNC(B46*$D$8,2) -> 215.39 | E46: Art. 18, § 1º, Lei 8.036/90 e Art. 1º, Lei Complementar 110.
A47: D.04 Indenização adicional3 | B47: =(1/12)*0.01 -> 0.00083333333 | C47: (1/12)* % estimado de ocorrência * TOTAL II | D47: =TRUNC(B47*$D$8,2) -> 5.6 | E47: Art. 9º, Lei 7.238/84
A48: D.05 FGTS sobre afastamento superior a 15 dias por acidente de trabalho4 | B48: =0.08*B32 -> 2.4766667e-05 | C48: 0,08 * %C.05 | D48: =TRUNC(B48*D8,2) -> 0.16 | E48: Art. 15, §5° da Lei n. 8.036/1990
A49: TOTAL III-D | B49: =SUM(B44:B48) -> 0.037849767 | C49: (soma) | D49: =SUM(D44:D48) -> 254.74 | E49: -
A50: 1Estima-se que 5,55% dos empregados receberão o aviso prévio indenizado. | B50: 3Considerando que 1% dos empregados serão demitidos com indenização adicional..
A51: 2Multa de 40% do FGTS | B51: 4Estimativa de que 0,64% dos empregados fruem do auxílio doença acidentário por período médio de 30 dias.
A52: TOTAL III | B52: =SUM(B49,B39,B25,B20) -> 0.70405741 | C52: TOTAL III-A + TOTAL III-B + TOTAL III-C + TOTAL III-D | D52: =SUM(D20,D25,D39,D49) -> 4738.86 | E52: -
A54: IV - INSUMOS E BENEFÍCIOS
A55: GRUPO IV - Benefícios mensais e diários | B55: VALOR | C55: MEMÓRIA DE CÁLCULO | D55: VALOR | E55: FUNDAMENTO
A56: Vale alimentação/refeição1 | B56: 34.18 | C56: =B56 & " * 22" -> 34,18 * 22 | D56: =TRUNC(B56*22,2) -> 751.96 | E56: Baseado no preço médio de uma refeição de 500g nos restaurantes próximos à sede do BDMG
A57: Vale-transporte | B57: 5.25 | C57: =B57& " * 4 * 22" -> 5,25 * 4 * 22 | D57: =TRUNC(B57*22*4,2) -> 462 | E57: Mediana das tarifas expressas na PORTARIA SUMOB N° 074/2023, 2 passagens de ida e 2 de volta, 22 dias.
A58: Desconto legal sobre transporte (máximo de 6% do salário-base) | B58: =D58 -> -403.85 | C58: (-0,06*Salário) | D58: =IF(D57>=TRUNC(0.06*D7,2),TRUNC(-0.06*D7,2),-D57) -> -403.85 | E58: Art. 4º, parágrafo único, Lei 7.418/85.
A59: Plano de saúde | B59: ='Quadro Resumo'!B26 -> 0 | C59: =B59 & " * 3" -> 0 * 3 | D59: =ROUND(B59*3,2) -> 0 | E59: Consideradados o empregado e dois dependentes
A60: Taxa de adesão individual ao plano de saúde | B60: ='Quadro Resumo'!B27 -> 0 | C60: =B60&" * 3/12" -> 0 * 3/12 | D60: =ROUND(B60*3/12,2) -> 0 | E60: Consideradados o empregado e dois dependentes
A61: Outros insumos | B61: =ROUNDUP('CUSTOS DE VALOR SUBJETIVO'!B9/12,2) -> 0 | C61: Detalhada na aba CUSTOS DE VALOR SUBJETIVO | D61: =B61 -> 0 | E61: Insumos eventualmente não previstos na planilha necessários ao cumprimento do objeto.
A62: Outros benefícios obrigatórios | B62: =ROUNDUP('CUSTOS DE VALOR SUBJETIVO'!B17/12,2) -> 0 | C62: Detalhada na aba CUSTOS DE VALOR SUBJETIVO | D62: =B62 -> 0 | E62: Benefícios impostos pela legislação vigente, ACT ou CCT, não previstos na planilha
A63: TOTAL IV | C63: (soma) | D63: =SUM(D56:D62) -> 810.11 | E63: -
A64: ¹Baseado na mediana dos valores praticados pelo BDMG e na CCT SEAC/SINDEAC 2023. Esse valor é mínimo aceitável e não poderá ser reduzido. Caso seja necessária complementação, em razão de ACT/CCT ou legislação que vincule o licitante, o valor complementar deve ser incluído pelo campo Outros benefícios obrigatórios.
A66: TOTAL 1: TOTAL DA REMUNERAÇÃO + ENCARGOS SOCIAIS + INSUMOS | B66: - | C66: TOTAL II + TOTAL III + TOTAL IV | D66: =SUM(D8,D52,D63) -> 12279.91 | E66: -
A68: V - BONIFICAÇÃO E OUTRAS DESPESAS | B68: PERCENTUAL | C68: MEMÓRIA DE CÁLCULO | D68: VALOR | E68: FUNDAMENTO
A69: Lucro | B69: ='Quadro Resumo'!B21 -> 0 | C69: - | D69: =TRUNC(B69*D66,2) -> 0 | E69: -
A70: Despesas administrativas/operacionais | B70: ='Quadro Resumo'!B22 -> 0 | C70: Detalhada na aba CUSTOS DE VALOR SUBJETIVO | D70: =TRUNC(B70*D66,2) -> 0 | E70: Despesas advindas diretamente da prestação dos serviços e passíveis de serem repassadas ao BDMG
A71: TOTAL V | B71: =SUM(B69:B70) -> 0 | C71: (soma) | D71: =SUM(D69:D70) -> 0 | E71: -
A73: VI - TRIBUTAÇÃO SOBRE O FATURAMENTO | B73: PERCENTUAL | C73: MEMÓRIA DE CÁLCULO | D73: VALOR | E73: FUNDAMENTO
A74: ISSQN ou ISS | B74: ='Quadro Resumo'!B34 -> 0 | C74: ((TOTAL 1 + TOTAL V)/(1-(ISS + COFINS + PIS/PASEP)))*alíquota | D74: =TRUNC((($D$66+$D$71)/(1-(($B$74+$B$75+$B$76))))*(B74),2) -> 0 | E74: Art. 156, III, CF/88
A75: COFINS | B75: ='Quadro Resumo'!B35 -> 0 | D75: =TRUNC((($D$66+$D$71)/(1-(($B$74+$B$75+$B$76))))*(B75),2) -> 0 | E75: Art. 195, CF/88 e Lei Complementar 70/91
A76: PIS/PASEP | B76: ='Quadro Resumo'!B36 -> 0 | D76: =TRUNC((($D$66+$D$71)/(1-(($B$74+$B$75+$B$76))))*(B76),2) -> 0 | E76: Art. 239, CF/88
A77: TOTAL VI | B77: =SUM(B74:B76) -> 0 | C77: (soma) | D77: =SUM(D74:D76) -> 0 | E77: -
A79: CUSTO POR PROFISSIONAL | B79: - | C79: MEMÓRIA DE CÁLCULO | D79: MENSAL | E79: ANUAL
B80: - | C80: (TOTAL 1 + TOTAL V + TOTAL VI) | D80: =TRUNC(SUM(D66,D71,D77),2) -> 12279.91 | E80: =D80*12 -> 147358.92
A82: CUSTO POR PROFISSIONAL NOS CINCO ANOS DE VIGÊNCIA CONTRATUAL | B82: - | C82: MEMÓRIA DE CÁLCULO | D82: VALOR | E82: VALOR GLOBAL
A83: CUSTO ANUAL POR PROFISSIONAL | B83: =E80 -> 147358.92 | C83: (CUSTO ANUAL POR PROFISSIONAL) * 5 | D83: =B83*5 -> 736794.6 | E83: =D83+D84 -> 736794.6
A84: Custo pelo equipamento utilizado no regime de teletrabalho | B84: ='Quadro Resumo'!C17 -> 0 | C84: Informado na aba Quadro Resumo | D84: ='Quadro Resumo'!C17 -> 0

Sheet Posto 5
A1: ="PLANILHA DE COMPOSIÇÃO DE CUSTOS E FORMAÇÃO DE PREÇOS - " & 'Quadro Resumo'!A11 -> PLANILHA DE COMPOSIÇÃO DE CUSTOS E FORMAÇÃO DE PREÇOS - Assistente de compras e contratos II
A3: I - SALÁRIO BASE DO(A) PROFISSIONAL | D3: VALOR | E3: -
A4: ='Quadro Resumo'!A11 -> Assistente de compras e contratos II | C4: Carga horária de 220h | D4: ='Quadro Resumo'!B11 -> 6730.94 | E4: -
A6: II - COMPOSIÇÃO DA REMUNERAÇÃO | B6: QUANTIDADE | C6: MEMÓRIA DE CÁLCULO | D6: VALOR | E6: FUNDAMENTO
A7: Salário-base | B7: - | C7: - | D7: =TRUNC(D4,2) -> 6730.94
A8: TOTAL II | B8: - | C8: (soma) | D8: =SUM(D7:D7) -> 6730.94 | E8: -
A10: III - ENCARGOS SOCIAIS E TRABALHISTAS
A11: GRUPO III-A - Encargos previdenciários, FGTS e outras contribuições | B11: PERCENTUAL | C11: MEMÓRIA DE CÁLCULO | D11: VALOR | E11: FUNDAMENTO
A12: A.01 INSS | B12: 0.2 | C12: 20,000% * TOTAL II | D12: =TRUNC(B12*$D$8,2) -> 1346.18 | E12: Art. 22, inciso I da Lei nº 8.212/91
A13: A.02 FGTS | B13: 0.08 | C13: 8,000% * TOTAL II | D13: =TRUNC(B13*$D$8,2) -> 538.47 | E13: Art. 15, Lei N° 8.036/36 e Art. 7º , III da CF/88.
A14: A.03 SESI/SESC | B14: 0.015 | C14: 1,500% * TOTAL II | D14: =TRUNC(B14*$D$8,2) -> 100.96 | E14: Art. 30, Lei 8.036/90.
A15: A.04 SENAI/SENAC | B15: 0.01 | C15: 1,000% * TOTAL II | D15: =TRUNC(B15*$D$8,2) -> 67.3 | E15: Decreto 2.318/86.
A16: A.05 INCRA | B16: 0.002 | C16: 0,200% * TOTAL II | D16: =TRUNC(B16*$D$8,2) -> 13.46 | E16: Lei 7.787/89 e DL 1.146/70.
A17: A.06 SEBRAE | B17: 0.006 | C17: 0,600% * TOTAL II | D17: =TRUNC(B17*$D$8,2) -> 40.38 | E17: Art. 8º, Lei 8.029/90, e Lei 8.154/90.
A18: A.07 Salário educação | B18: 0.025 | C18: 2,500% * TOTAL II | D18: =TRUNC(B18*$D$8,2) -> 168.27 | E18: Art. 3º, I, Decreto 87.043/82.
A19: A.08 Riscos ambientais do trabalho - RAT x FAP | B19: ='Quadro Resumo'!B31 -> 0 | C19: %(RAT*FAP) * TOTAL II | D19: =TRUNC(B19*$D$8,2) -> 0 | E19: Art. 22, inciso II, Lei nº 8.212/91
A20: TOTAL III-A | B20: =SUM(B12:B19) -> 0.338 | C20: (soma) | D20: =SUM(D12:D19) -> 2275.02 | E20: -
A22: GRUPO III-B - 13º salário | B22: PERCENTUAL | C22: MEMÓRIA DE CÁLCULO | D22: VALOR | E22: FUNDAMENTO
A23: B.01 13º salário | B23: =(1/12) -> 0.083333333 | C23: (1/12) * TOTAL II | D23: =TRUNC(B23*$D$8,2) -> 560.91 | E23: Art. 7º, VIII, CF/88.
A24: B.02 Incidência dos encargos do grupo A sobre o 13º | B24: =B20*B23 -> 0.028166667 | C24: %TOTAL III-A * %B.01 * TOTAL II | D24: =TRUNC(B24*$D$8,2) -> 189.58 | E24: Art. 15, da Lei 8.036/90 e o art. 214 do Decreto 3.048/1999
A25: TOTAL III-B | B25: =SUM(B23:B24) -> 0.1115 | C25: (soma) | D25: =SUM(D23:D24) -> 750.49 | E25: -
A27: GRUPO III-C - Custo de reposição do profissional ausente | B27: PERCENTUAL | C27: MEMÓRIA DE CÁLCULO | D27: VALOR | E27: FUNDAMENTO
A28: C.01 Férias | B28: =1/12 -> 0.083333333 | C28: (1/12) * TOTAL II | D28: =TRUNC(B28*$D$8,2) -> 560.91 | E28: Art. 7º, XVII, CF/88 e arts. 129 a 153 da CLT.
A29: C.02 Adicional de férias | B29: =(1/3)/12 -> 0.027777778 | C29: (1/3)/12 * TOTAL II | D29: =TRUNC(B29*$D$8,2) -> 186.97 | E29: Art. 7º, XVII, CF/88 e arts. 129 a 153 da CLT.
A30: C.03 Insumos e benefícios1 | B30: =D30/D8 -> 0.0093092495 | C30: (TOTAL IV - vale transporte)/12 | D30: =TRUNC((D63-(D57+D58))/12,2) -> 62.66 | E30: Súmula 159 do TST.
A31: C.04 Ausência por doença2 | B31: =(5.96/30)/12 -> 0.016555556 | C31: (5,96/30)/12 * TOTAL II | D31: =TRUNC(B31*$D$8,2) -> 111.43 | E31: Art. 59 a 63, Lei 8.213/91.
A32: C.05 Auxílio doença acidentário3 | B32: =(((15/30)/12)*0.00743) -> 0.00030958333 | C32: ((15/30)/12)* 0,00743 * TOTAL II | D32: =TRUNC(B32*$D$8,2) -> 2.08 | E32: Art. 19 a 23 da Lei, 8.213/91.
A33: C.06 Faltas legais4 | B33: =(2.96/30)/12 -> 0.0082222222 | C33: (2,96/30)/12 * TOTAL II | D33: =TRUNC(B33*$D$8,2) -> 55.34 | E33: Art. 473, CLT.
A34: C.07 Licença paternidade5 | B34: =((5/30)/12)*0.557*0.01092 -> 8.4478333e-05 | C34: [(5/30)/12] * 0,557* 0,01092 * TOTAL II | D34: =TRUNC(B34*$D$8,2) -> 0.56 | E34: Art. 7º, XIX, CF/88 e art. 473, III, CLT.
A35: C.08 Aviso prévio trabalhado6 | B35: =((7/30)/12)*0.9445 -> 0.018365278 | C35: [(7/30)/12] * 0,9445 * TOTAL II | D35: =TRUNC(B35*$D$8,2) -> 123.61 | E35: Art. 7º, XXI, CF/88, 477, 487 e 491 CLT.
A36: C.09 Afastamento maternidade7 | B36: =D36/D8 -> 0.00035804806 | C36: [(Férias + adicional de férias)/12 + (TOTAL IV - vale transporte)] * (4/12) * 0,01092 * 0,443 | D36: =TRUNC((((D8*(1+(1/3)))/12)+(D63-(D57+D58)))*(4/12)*0.01092*0.443,2) -> 2.41 | E36: Art. 7º, XVII, CF/88 e arts. 129 a 153 da CLT.
A37: C.10 Incidência dos encargos do grupo A sobre itens anteriores | B37: =B20*SUM(B28,B29,B31,B32,B33,B34,B35) -> 0.052271101 | C37: %TOTAL III-A * %(C.01+C.02+C.04+C.05+C.06+C.07+C.08) * TOTAL II | D37: =TRUNC(B37*$D$8,2) -> 351.83 | E37: Art. 15, da Lei 8.036/90, e o art. 214 do Decreto 3.048/1999
A38: C.11 Incidência dos encargos do grupo A sobre a remuneração do afastamento maternidade | B38: =B20*B36 -> 0.00012102024 | C38: %TOTAL III-A * C.09 * TOTAL II | D38: =TRUNC(B38*$D$8,2) -> 0.81 | E38: Art. 6º e 201, CF/88 e art. 392 CLT.
A39: TOTAL III-C | B39: =SUM(B28:B38) -> 0.21670765 | C39: (soma) | D39: =SUM(D28:D38) -> 1458.61 | E39: -
A40: 1Referentes unicamente à substituição por motivo de férias | B40: 4Estima-se de 2,96 ausências por ano. | D40: 7Tendo em conta a taxa de natalidade de 1,092% e o percentual de mulheres empregadas de 44,3%
A41: 2Estima-se de 5,96 dias de licença por ano. | B41: 5Tendo em vista a taxa de natalidade de 1,092% e o percentual de homens empregados de 55,7%
A42: 3Estima-se que 0,743% dos empregados alocados fruirão o benefício | B42: 6Redução de 7 dias ou de 2h por dia. Percentual relativo a contrato de 12 meses.
A43: GRUPO III-D - Provisão para a rescisão | B43: PERCENTUAL | C43: MEMÓRIA DE CÁLCULO | D43: VALOR | E43: FUNDAMENTO
A44: D.01 Aviso prévio indenizado¹ | B44: =(1/12)*0.0555 -> 0.004625 | C44: (1/12) * 0,0555 * TOTAL II | D44: =TRUNC(B44*$D$8,2) -> 31.13 | E44: Art. 7º, XXI, CF/88, 477,487 e 491 CLT.
A45: D.02 FGTS sobre aviso prévio indenizado | B45: =(1/12)*0.055*0.08 -> 0.00036666667 | C45: (1/12) * 0,055* 0,08 * TOTAL II | D45: =TRUNC(B45*$D$8,2) -> 2.46 | E45: Súmula 305 do TST.
A46: D.03 Indenização2 | B46: =0.4*0.08 -> 0.032 | C46: 0,4 * 0,08 * TOTAL II | D46: =TRUNC(B46*$D$8,2) -> 215.39 | E46: Art. 18, § 1º, Lei 8.036/90 e Art. 1º, Lei Complementar 110.
A47: D.04 Indenização adicional3 | B47: =(1/12)*0.01 -> 0.00083333333 | C47: (1/12)* % estimado de ocorrência * TOTAL II | D47: =TRUNC(B47*$D$8,2) -> 5.6 | E47: Art. 9º, Lei 7.238/84
A48: D.05 FGTS sobre afastamento superior a 15 dias por acidente de trabalho4 | B48: =0.08*B32 -> 2.4766667e-05 | C48: 0,08 * %C.05 | D48: =TRUNC(B48*D8,2) -> 0.16 | E48: Art. 15, §5° da Lei n. 8.036/1990
A49: TOTAL III-D | B49: =SUM(B44:B48) -> 0.037849767 | C49: (soma) | D49: =SUM(D44:D48) -> 254.74 | E49: -
A50: 1Estima-se que 5,55% dos empregados receberão o aviso prévio indenizado. | B50: 3Considerando que 1% dos empregados serão demitidos com indenização adicional..
A51: 2Multa de 40% do FGTS | B51: 4Estimativa de que 0,64% dos empregados fruem do auxílio doença acidentário por período médio de 30 dias.
A52: TOTAL III | B52: =SUM(B49,B39,B25,B20) -> 0.70405741 | C52: TOTAL III-A + TOTAL III-B + TOTAL III-C + TOTAL III-D | D52: =SUM(D20,D25,D39,D49) -> 4738.86 | E52: -
A54: IV - INSUMOS E BENEFÍCIOS
A55: GRUPO IV - Benefícios mensais e diários | B55: VALOR | C55: MEMÓRIA DE CÁLCULO | D55: VALOR | E55: FUNDAMENTO
A56: Vale alimentação/refeição1 | B56: 34.18 | C56: =B56 & " * 22" -> 34,18 * 22 | D56: =TRUNC(B56*22,2) -> 751.96 | E56: Baseado no preço médio de uma refeição de 500g nos restaurantes próximos à sede do BDMG
A57: Vale-transporte | B57: 5.25 | C57: =B57& " * 4 * 22" -> 5,25 * 4 * 22 | D57: =TRUNC(B57*22*4,2) -> 462 | E57: Mediana das tarifas expressas na PORTARIA SUMOB N° 074/2023, 2 passagens de ida e 2 de volta, 22 dias.
A58: Desconto legal sobre transporte (máximo de 6% do salário-base) | B58: =D58 -> -403.85 | C58: (-0,06*Salário) | D58: =IF(D57>=TRUNC(0.06*D7,2),TRUNC(-0.06*D7,2),-D57) -> -403.85 | E58: Art. 4º, parágrafo único, Lei 7.418/85.
A59: Plano de saúde | B59: ='Quadro Resumo'!B26 -> 0 | C59: =B59 & " * 3" -> 0 * 3 | D59: =ROUND(B59*3,2) -> 0 | E59: Consideradados o empregado e dois dependentes
A60: Taxa de adesão individual ao plano de saúde | B60: ='Quadro Resumo'!B27 -> 0 | C60: =B60&" * 3/12" -> 0 * 3/12 | D60: =ROUND(B60*3/12,2) -> 0 | E60: Consideradados o empregado e dois dependentes
A61: Outros insumos | B61: =ROUNDUP('CUSTOS DE VALOR SUBJETIVO'!B9/12,2) -> 0 | C61: Detalhada na aba CUSTOS DE VALOR SUBJETIVO | D61: =B61 -> 0 | E61: Insumos eventualmente não previstos na planilha necessários ao cumprimento do objeto.
A62: Outros benefícios obrigatórios | B62: =ROUNDUP('CUSTOS DE VALOR SUBJETIVO'!B17/12,2) -> 0 | C62: Detalhada na aba CUSTOS DE VALOR SUBJETIVO | D62: =B62 -> 0 | E62: Benefícios impostos pela legislação vigente, ACT ou CCT, não previstos na planilha
A63: TOTAL IV | C63: (soma) | D63: =SUM(D56:D62) -> 810.11 | E63: -
A64: ¹Baseado na mediana dos valores praticados pelo BDMG e na CCT SEAC/SINDEAC 2023. Esse valor é mínimo aceitável e não poderá ser reduzido. Caso seja necessária complementação, em razão de ACT/CCT ou legislação que vincule o licitante, o valor complementar deve ser incluído pelo campo Outros benefícios obrigatórios.
A66: TOTAL 1: TOTAL DA REMUNERAÇÃO + ENCARGOS SOCIAIS + INSUMOS | B66: - | C66: TOTAL II + TOTAL III + TOTAL IV | D66: =SUM(D8,D52,D63) -> 12279.91 | E66: -
A68: V - BONIFICAÇÃO E OUTRAS DESPESAS | B68: PERCENTUAL | C68: MEMÓRIA DE CÁLCULO | D68: VALOR | E68: FUNDAMENTO
A69: Lucro | B69: ='Quadro Resumo'!B21 -> 0 | C69: - | D69: =TRUNC(B69*D66,2) -> 0 | E69: -
A70: Despesas administrativas/operacionais | B70: ='Quadro Resumo'!B22 -> 0 | C70: Detalhada na aba CUSTOS DE VALOR SUBJETIVO | D70: =TRUNC(B70*D66,2) -> 0 | E70: Despesas advindas diretamente da prestação dos serviços e passíveis de serem repassadas ao BDMG
A71: TOTAL V | B71: =SUM(B69:B70) -> 0 | C71: (soma) | D71: =SUM(D69:D70) -> 0 | E71: -
A73: VI - TRIBUTAÇÃO SOBRE O FATURAMENTO | B73: PERCENTUAL | C73: MEMÓRIA DE CÁLCULO | D73: VALOR | E73: FUNDAMENTO
A74: ISSQN ou ISS | B74: ='Quadro Resumo'!B34 -> 0 | C74: ((TOTAL 1 + TOTAL V)/(1-(ISS + COFINS + PIS/PASEP)))*alíquota | D74: =TRUNC((($D$66+$D$71)/(1-(($B$74+$B$75+$B$76))))*(B74),2) -> 0 | E74: Art. 156, III, CF/88
A75: COFINS | B75: ='Quadro Resumo'!B35 -> 0 | D75: =TRUNC((($D$66+$D$71)/(1-(($B$74+$B$75+$B$76))))*(B75),2) -> 0 | E75: Art. 195, CF/88 e Lei Complementar 70/91
A76: PIS/PASEP | B76: ='Quadro Resumo'!B36 -> 0 | D76: =TRUNC((($D$66+$D$71)/(1-(($B$74+$B$75+$B$76))))*(B76),2) -> 0 | E76: Art. 239, CF/88
A77: TOTAL VI | B77: =SUM(B74:B76) -> 0 | C77: (soma) | D77: =SUM(D74:D76) -> 0 | E77: -
A79: CUSTO POR PROFISSIONAL | B79: - | C79: MEMÓRIA DE CÁLCULO | D79: MENSAL | E79: ANUAL
B80: - | C80: (TOTAL 1 + TOTAL V + TOTAL VI) | D80: =TRUNC(SUM(D66,D71,D77),2) -> 12279.91 | E80: =D80*12 -> 147358.92
A82: CUSTO POR PROFISSIONAL NOS CINCO ANOS DE VIGÊNCIA CONTRATUAL | B82: - | C82: MEMÓRIA DE CÁLCULO | D82: VALOR | E82: VALOR GLOBAL
A83: CUSTO ANUAL POR PROFISSIONAL | B83: =E80 -> 147358.92 | C83: (CUSTO ANUAL POR PROFISSIONAL) * 5 | D83: =B83*5 -> 736794.6 | E83: =D83+D84 -> 736794.6
A84: Custo pelo equipamento utilizado no regime de teletrabalho | B84: ='Quadro Resumo'!C17 -> 0 | C84: Informado na aba Quadro Resumo | D84: ='Quadro Resumo'!C17 -> 0

Sheet Posto 6
A1: ="PLANILHA DE COMPOSIÇÃO DE CUSTOS E FORMAÇÃO DE PREÇOS - " & 'Quadro Resumo'!A12 -> PLANILHA DE COMPOSIÇÃO DE CUSTOS E FORMAÇÃO DE PREÇOS - Encarregado de compras e contratos
A3: I - SALÁRIO BASE DO(A) PROFISSIONAL | D3: VALOR | E3: -
A4: ='Quadro Resumo'!A12 -> Encarregado de compras e contratos | C4: Carga horária de 220h | D4: ='Quadro Resumo'!B12 -> 9000 | E4: -
A6: II - COMPOSIÇÃO DA REMUNERAÇÃO | B6: QUANTIDADE | C6: MEMÓRIA DE CÁLCULO | D6: VALOR | E6: FUNDAMENTO
A7: Salário-base | B7: - | C7: - | D7: =TRUNC(D4,2) -> 9000
A8: TOTAL II | B8: - | C8: (soma) | D8: =SUM(D7:D7) -> 9000 | E8: -
A10: III - ENCARGOS SOCIAIS E TRABALHISTAS
A11: GRUPO III-A - Encargos previdenciários, FGTS e outras contribuições | B11: PERCENTUAL | C11: MEMÓRIA DE CÁLCULO | D11: VALOR | E11: FUNDAMENTO
A12: A.01 INSS | B12: 0.2 | C12: 20,000% * TOTAL II | D12: =TRUNC(B12*$D$8,2) -> 1800 | E12: Art. 22, inciso I da Lei nº 8.212/91
A13: A.02 FGTS | B13: 0.08 | C13: 8,000% * TOTAL II | D13: =TRUNC(B13*$D$8,2) -> 720 | E13: Art. 15, Lei N° 8.036/36 e Art. 7º , III da CF/88.
A14: A.03 SESI/SESC | B14: 0.015 | C14: 1,500% * TOTAL II | D14: =TRUNC(B14*$D$8,2) -> 135 | E14: Art. 30, Lei 8.036/90.
A15: A.04 SENAI/SENAC | B15: 0.01 | C15: 1,000% * TOTAL II | D15: =TRUNC(B15*$D$8,2) -> 90 | E15: Decreto 2.318/86.
A16: A.05 INCRA | B16: 0.002 | C16: 0,200% * TOTAL II | D16: =TRUNC(B16*$D$8,2) -> 18 | E16: Lei 7.787/89 e DL 1.146/70.
A17: A.06 SEBRAE | B17: 0.006 | C17: 0,600% * TOTAL II | D17: =TRUNC(B17*$D$8,2) -> 54 | E17: Art. 8º, Lei 8.029/90, e Lei 8.154/90.
A18: A.07 Salário educação | B18: 0.025 | C18: 2,500% * TOTAL II | D18: =TRUNC(B18*$D$8,2) -> 225 | E18: Art. 3º, I, Decreto 87.043/82.
A19: A.08 Riscos ambientais do trabalho - RAT x FAP | B19: ='Quadro Resumo'!B31 -> 0 | C19: %(RAT*FAP) * TOTAL II | D19: =TRUNC(B19*$D$8,2) -> 0 | E19: Art. 22, inciso II, Lei nº 8.212/91
A20: TOTAL III-A | B20: =SUM(B12:B19) -> 0.338 | C20: (soma) | D20: =SUM(D12:D19) -> 3042 | E20: -
A22: GRUPO III-B - 13º salário | B22: PERCENTUAL | C22: MEMÓRIA DE CÁLCULO | D22: VALOR | E22: FUNDAMENTO
A23: B.01 13º salário | B23: =(1/12) -> 0.083333333 | C23: (1/12) * TOTAL II | D23: =TRUNC(B23*$D$8,2) -> 750 | E23: Art. 7º, VIII, CF/88.
A24: B.02 Incidência dos encargos do grupo A sobre o 13º | B24: =B20*B23 -> 0.028166667 | C24: %TOTAL III-A * %B.01 * TOTAL II | D24: =TRUNC(B24*$D$8,2) -> 253.5 | E24: Art. 15, da Lei 8.036/90 e o art. 214 do Decreto 3.048/1999
A25: TOTAL III-B | B25: =SUM(B23:B24) -> 0.1115 | C25: (soma) | D25: =SUM(D23:D24) -> 1003.5 | E25: -
A27: GRUPO III-C - Custo de reposição do profissional ausente | B27: PERCENTUAL | C27: MEMÓRIA DE CÁLCULO | D27: VALOR | E27: FUNDAMENTO
A28: C.01 Férias | B28: =1/12 -> 0.083333333 | C28: (1/12) * TOTAL II | D28: =TRUNC(B28*$D$8,2) -> 750 | E28: Art. 7º, XVII, CF/88 e arts. 129 a 153 da CLT.
A29: C.02 Adicional de férias | B29: =(1/3)/12 -> 0.027777778 | C29: (1/3)/12 * TOTAL II | D29: =TRUNC(B29*$D$8,2) -> 250 | E29: Art. 7º, XVII, CF/88 e arts. 129 a 153 da CLT.
A30: C.03 Insumos e benefícios1 | B30: =D30/D8 -> 0.0069622222 | C30: (TOTAL IV - vale transporte)/12 | D30: =TRUNC((D63-(D57+D58))/12,2) -> 62.66 | E30: Súmula 159 do TST.
A31: C.04 Ausência por doença2 | B31: =(5.96/30)/12 -> 0.016555556 | C31: (5,96/30)/12 * TOTAL II | D31: =TRUNC(B31*$D$8,2) -> 149 | E31: Art. 59 a 63, Lei 8.213/91.
A32: C.05 Auxílio doença acidentário3 | B32: =(((15/30)/12)*0.00743) -> 0.00030958333 | C32: ((15/30)/12)* 0,00743 * TOTAL II | D32: =TRUNC(B32*$D$8,2) -> 2.78 | E32: Art. 19 a 23 da Lei, 8.213/91.
A33: C.06 Faltas legais4 | B33: =(2.96/30)/12 -> 0.0082222222 | C33: (2,96/30)/12 * TOTAL II | D33: =TRUNC(B33*$D$8,2) -> 74 | E33: Art. 473, CLT.
A34: C.07 Licença paternidade5 | B34: =((5/30)/12)*0.557*0.01092 -> 8.4478333e-05 | C34: [(5/30)/12] * 0,557* 0,01092 * TOTAL II | D34: =TRUNC(B34*$D$8,2) -> 0.76 | E34: Art. 7º, XIX, CF/88 e art. 473, III, CLT.
A35: C.08 Aviso prévio trabalhado6 | B35: =((7/30)/12)*0.9445 -> 0.018365278 | C35: [(7/30)/12] * 0,9445 * TOTAL II | D35: =TRUNC(B35*$D$8,2) -> 165.28 | E35: Art. 7º, XXI, CF/88, 477, 487 e 491 CLT.
A36: C.09 Afastamento maternidade7 | B36: =D36/D8 -> 0.00031333333 | C36: [(Férias + adicional de férias)/12 + (TOTAL IV - vale transporte)] * (4/12) * 0,01092 * 0,443 | D36: =TRUNC((((D8*(1+(1/3)))/12)+(D63-(D57+D58)))*(4/12)*0.01092*0.443,2) -> 2.82 | E36: Art. 7º, XVII, CF/88 e arts. 129 a 153 da CLT.
A37: C.10 Incidência dos encargos do grupo A sobre itens anteriores | B37: =B20*SUM(B28,B29,B31,B32,B33,B34,B35) -> 0.052271101 | C37: %TOTAL III-A * %(C.01+C.02+C.04+C.05+C.06+C.07+C.08) * TOTAL II | D37: =TRUNC(B37*$D$8,2) -> 470.43 | E37: Art. 15, da Lei 8.036/90, e o art. 214 do Decreto 3.048/1999
A38: C.11 Incidência dos encargos do grupo A sobre a remuneração do afastamento maternidade | B38: =B20*B36 -> 0.00010590667 | C38: %TOTAL III-A * C.09 * TOTAL II | D38: =TRUNC(B38*$D$8,2) -> 0.95 | E38: Art. 6º e 201, CF/88 e art. 392 CLT.
A39: TOTAL III-C | B39: =SUM(B28:B38) -> 0.21430079 | C39: (soma) | D39: =SUM(D28:D38) -> 1928.68 | E39: -
A40: 1Referentes unicamente à substituição por motivo de férias | B40: 4Estima-se de 2,96 ausências por ano. | D40: 7Tendo em conta a taxa de natalidade de 1,092% e o percentual de mulheres empregadas de 44,3%
A41: 2Estima-se de 5,96 dias de licença por ano. | B41: 5Tendo em vista a taxa de natalidade de 1,092% e o percentual de homens empregados de 55,7%
A42: 3Estima-se que 0,743% dos empregados alocados fruirão o benefício | B42: 6Redução de 7 dias ou de 2h por dia. Percentual relativo a contrato de 12 meses.
A43: GRUPO III-D - Provisão para a rescisão | B43: PERCENTUAL | C43: MEMÓRIA DE CÁLCULO | D43: VALOR | E43: FUNDAMENTO
A44: D.01 Aviso prévio indenizado¹ | B44: =(1/12)*0.0555 -> 0.004625 | C44: (1/12) * 0,0555 * TOTAL II | D44: =TRUNC(B44*$D$8,2) -> 41.62 | E44: Art. 7º, XXI, CF/88, 477,487 e 491 CLT.
A45: D.02 FGTS sobre aviso prévio indenizado | B45: =(1/12)*0.055*0.08 -> 0.00036666667 | C45: (1/12) * 0,055* 0,08 * TOTAL II | D45: =TRUNC(B45*$D$8,2) -> 3.3 | E45: Súmula 305 do TST.
A46: D.03 Indenização2 | B46: =0.4*0.08 -> 0.032 | C46: 0,4 * 0,08 * TOTAL II | D46: =TRUNC(B46*$D$8,2) -> 288 | E46: Art. 18, § 1º, Lei 8.036/90 e Art. 1º, Lei Complementar 110.
A47: D.04 Indenização adicional3 | B47: =(1/12)*0.01 -> 0.00083333333 | C47: (1/12)* % estimado de ocorrência * TOTAL II | D47: =TRUNC(B47*$D$8,2) -> 7.5 | E47: Art. 9º, Lei 7.238/84
A48: D.05 FGTS sobre afastamento superior a 15 dias por acidente de trabalho4 | B48: =0.08*B32 -> 2.4766667e-05 | C48: 0,08 * %C.05 | D48: =TRUNC(B48*D8,2) -> 0.22 | E48: Art. 15, §5° da Lei n. 8.036/1990
A49: TOTAL III-D | B49: =SUM(B44:B48) -> 0.037849767 | C49: (soma) | D49: =SUM(D44:D48) -> 340.64 | E49: -
A50: 1Estima-se que 5,55% dos empregados receberão o aviso prévio indenizado. | B50: 3Considerando que 1% dos empregados serão demitidos com indenização adicional..
A51: 2Multa de 40% do FGTS | B51: 4Estimativa de que 0,64% dos empregados fruem do auxílio doença acidentário por período médio de 30 dias.
A52: TOTAL III | B52: =SUM(B49,B39,B25,B20) -> 0.70165056 | C52: TOTAL III-A + TOTAL III-B + TOTAL III-C + TOTAL III-D | D52: =SUM(D20,D25,D39,D49) -> 6314.82 | E52: -
A54: IV - INSUMOS E BENEFÍCIOS
A55: GRUPO IV - Benefícios mensais e diários | B55: VALOR | C55: MEMÓRIA DE CÁLCULO | D55: VALOR | E55: FUNDAMENTO
A56: Vale alimentação/refeição1 | B56: 34.18 | C56: =B56 & " * 22" -> 34,18 * 22 | D56: =TRUNC(B56*22,2) -> 751.96 | E56: Baseado no preço médio de uma refeição de 500g nos restaurantes próximos à sede do BDMG
A57: Vale-transporte | B57: 5.25 | C57: =B57& " * 4 * 22" -> 5,25 * 4 * 22 | D57: =TRUNC(B57*22*4,2) -> 462 | E57: Mediana das tarifas expressas na PORTARIA SUMOB N° 074/2023, 2 passagens de ida e 2 de volta, 22 dias.
A58: Desconto legal sobre transporte (máximo de 6% do salário-base) | B58: =D58 -> -462 | C58: (-0,06*Salário) | D58: =IF(D57>=TRUNC(0.06*D7,2),TRUNC(-0.06*D7,2),-D57) -> -462 | E58: Art. 4º, parágrafo único, Lei 7.418/85.
A59: Plano de saúde | B59: ='Quadro Resumo'!B26 -> 0 | C59: =B59 & " * 3" -> 0 * 3 | D59: =ROUND(B59*3,2) -> 0 | E59: Consideradados o empregado e dois dependentes
A60: Taxa de adesão individual ao plano de saúde | B60: ='Quadro Resumo'!B27 -> 0 | C60: =B60&" * 3/12" -> 0 * 3/12 | D60: =ROUND(B60*3/12,2) -> 0 | E60: Consideradados o empregado e dois dependentes
A61: Outros insumos | B61: =ROUNDUP('CUSTOS DE VALOR SUBJETIVO'!B9/12,2) -> 0 | C61: Detalhada na aba CUSTOS DE VALOR SUBJETIVO | D61: =B61 -> 0 | E61: Insumos eventualmente não previstos na planilha necessários ao cumprimento do objeto.
A62: Outros benefícios obrigatórios | B62: =ROUNDUP('CUSTOS DE VALOR SUBJETIVO'!B17/12,2) -> 0 | C62: Detalhada na aba CUSTOS DE VALOR SUBJETIVO | D62: =B62 -> 0 | E62: Benefícios impostos pela legislação vigente, ACT ou CCT, não previstos na planilha
A63: TOTAL IV | C63: (soma) | D63: =SUM(D56:D62) -> 751.96 | E63: -
A64: ¹Baseado na mediana dos valores praticados pelo BDMG e na CCT SEAC/SINDEAC 2023. Esse valor é mínimo aceitável e não poderá ser reduzido. Caso seja necessária complementação, em razão de ACT/CCT ou legislação que vincule o licitante, o valor complementar deve ser incluído pelo campo Outros benefícios obrigatórios.
A66: TOTAL 1: TOTAL DA REMUNERAÇÃO + ENCARGOS SOCIAIS + INSUMOS | B66: - | C66: TOTAL II + TOTAL III + TOTAL IV | D66: =SUM(D8,D52,D63) -> 16066.78 | E66: -
A68: V - BONIFICAÇÃO E OUTRAS DESPESAS | B68: PERCENTUAL | C68: MEMÓRIA DE CÁLCULO | D68: VALOR | E68: FUNDAMENTO
A69: Lucro | B69: ='Quadro Resumo'!B21 -> 0 | C69: - | D69: =TRUNC(B69*D66,2) -> 0 | E69: -
A70: Despesas administrativas/operacionais | B70: ='Quadro Resumo'!B22 -> 0 | C70: Detalhada na aba CUSTOS DE VALOR SUBJETIVO | D70: =TRUNC(B70*D66,2) -> 0 | E70: Despesas advindas diretamente da prestação dos serviços e passíveis de serem repassadas ao BDMG
A71: TOTAL V | B71: =SUM(B69:B70) -> 0 | C71: (soma) | D71: =SUM(D69:D70) -> 0 | E71: -
A73: VI - TRIBUTAÇÃO SOBRE O FATURAMENTO | B73: PERCENTUAL | C73: MEMÓRIA DE CÁLCULO | D73: VALOR | E73: FUNDAMENTO
A74: ISSQN ou ISS | B74: ='Quadro Resumo'!B34 -> 0 | C74: ((TOTAL 1 + TOTAL V)/(1-(ISS + COFINS + PIS/PASEP)))*alíquota | D74: =TRUNC((($D$66+$D$71)/(1-(($B$74+$B$75+$B$76))))*(B74),2) -> 0 | E74: Art. 156, III, CF/88
A75: COFINS | B75: ='Quadro Resumo'!B35 -> 0 | D75: =TRUNC((($D$66+$D$71)/(1-(($B$74+$B$75+$B$76))))*(B75),2) -> 0 | E75: Art. 195, CF/88 e Lei Complementar 70/91
A76: PIS/PASEP | B76: ='Quadro Resumo'!B36 -> 0 | D76: =TRUNC((($D$66+$D$71)/(1-(($B$74+$B$75+$B$76))))*(B76),2) -> 0 | E76: Art. 239, CF/88
A77: TOTAL VI | B77: =SUM(B74:B76) -> 0 | C77: (soma) | D77: =SUM(D74:D76) -> 0 | E77: -
A79: CUSTO POR PROFISSIONAL | B79: - | C79: MEMÓRIA DE CÁLCULO | D79: MENSAL | E79: ANUAL
B80: - | C80: (TOTAL 1 + TOTAL V + TOTAL VI) | D80: =TRUNC(SUM(D66,D71,D77),2) -> 16066.78 | E80: =D80*12 -> 192801.36
A82: CUSTO POR PROFISSIONAL NOS CINCO ANOS DE VIGÊNCIA CONTRATUAL | B82: - | C82: MEMÓRIA DE CÁLCULO | D82: VALOR | E82: VALOR GLOBAL
A83: CUSTO ANUAL POR PROFISSIONAL | B83: =E80 -> 192801.36 | C83: (CUSTO ANUAL POR PROFISSIONAL) * 5 | D83: =B83*5 -> 964006.8 | E83: =D83+D84 -> 964006.8
A84: Custo pelo equipamento utilizado no regime de teletrabalho | B84: ='Quadro Resumo'!C17 -> 0 | C84: Informado na aba Quadro Resumo | D84: ='Quadro Resumo'!C17 -> 0

Sheet Posto 7
A1: ="PLANILHA DE COMPOSIÇÃO DE CUSTOS E FORMAÇÃO DE PREÇOS - " & 'Quadro Resumo'!A13 -> PLANILHA DE COMPOSIÇÃO DE CUSTOS E FORMAÇÃO DE PREÇOS - Encarregado de fiscalização
A3: I - SALÁRIO BASE DO(A) PROFISSIONAL | D3: VALOR | E3: -
A4: ='Quadro Resumo'!A13 -> Encarregado de fiscalização | C4: Carga horária de 220h | D4: ='Quadro Resumo'!B13 -> 9000 | E4: -
A6: II - COMPOSIÇÃO DA REMUNERAÇÃO | B6: QUANTIDADE | C6: MEMÓRIA DE CÁLCULO | D6: VALOR | E6: FUNDAMENTO
A7: Salário-base | B7: - | C7: - | D7: =TRUNC(D4,2) -> 9000
A8: TOTAL II | B8: - | C8: (soma) | D8: =SUM(D7:D7) -> 9000 | E8: -
A10: III - ENCARGOS SOCIAIS E TRABALHISTAS
A11: GRUPO III-A - Encargos previdenciários, FGTS e outras contribuições | B11: PERCENTUAL | C11: MEMÓRIA DE CÁLCULO | D11: VALOR | E11: FUNDAMENTO
A12: A.01 INSS | B12: 0.2 | C12: 20,000% * TOTAL II | D12: =TRUNC(B12*$D$8,2) -> 1800 | E12: Art. 22, inciso I da Lei nº 8.212/91
A13: A.02 FGTS | B13: 0.08 | C13: 8,000% * TOTAL II | D13: =TRUNC(B13*$D$8,2) -> 720 | E13: Art. 15, Lei N° 8.036/36 e Art. 7º , III da CF/88.
A14: A.03 SESI/SESC | B14: 0.015 | C14: 1,500% * TOTAL II | D14: =TRUNC(B14*$D$8,2) -> 135 | E14: Art. 30, Lei 8.036/90.
A15: A.04 SENAI/SENAC | B15: 0.01 | C15: 1,000% * TOTAL II | D15: =TRUNC(B15*$D$8,2) -> 90 | E15: Decreto 2.318/86.
A16: A.05 INCRA | B16: 0.002 | C16: 0,200% * TOTAL II | D16: =TRUNC(B16*$D$8,2) -> 18 | E16: Lei 7.787/89 e DL 1.146/70.
A17: A.06 SEBRAE | B17: 0.006 | C17: 0,600% * TOTAL II | D17: =TRUNC(B17*$D$8,2) -> 54 | E17: Art. 8º, Lei 8.029/90, e Lei 8.154/90.
A18: A.07 Salário educação | B18: 0.025 | C18: 2,500% * TOTAL II | D18: =TRUNC(B18*$D$8,2) -> 225 | E18: Art. 3º, I, Decreto 87.043/82.
A19: A.08 Riscos ambientais do trabalho - RAT x FAP | B19: ='Quadro Resumo'!B31 -> 0 | C19: %(RAT*FAP) * TOTAL II | D19: =TRUNC(B19*$D$8,2) -> 0 | E19: Art. 22, inciso II, Lei nº 8.212/91
A20: TOTAL III-A | B20: =SUM(B12:B19) -> 0.338 | C20: (soma) | D20: =SUM(D12:D19) -> 3042 | E20: -
A22: GRUPO III-B - 13º salário | B22: PERCENTUAL | C22: MEMÓRIA DE CÁLCULO | D22: VALOR | E22: FUNDAMENTO
A23: B.01 13º salário | B23: =(1/12) -> 0.083333333 | C23: (1/12) * TOTAL II | D23: =TRUNC(B23*$D$8,2) -> 750 | E23: Art. 7º, VIII, CF/88.
A24: B.02 Incidência dos encargos do grupo A sobre o 13º | B24: =B20*B23 -> 0.028166667 | C24: %TOTAL III-A * %B.01 * TOTAL II | D24: =TRUNC(B24*$D$8,2) -> 253.5 | E24: Art. 15, da Lei 8.036/90 e o art. 214 do Decreto 3.048/1999
A25: TOTAL III-B | B25: =SUM(B23:B24) -> 0.1115 | C25: (soma) | D25: =SUM(D23:D24) -> 1003.5 | E25: -
A27: GRUPO III-C - Custo de reposição do profissional ausente | B27: PERCENTUAL | C27: MEMÓRIA DE CÁLCULO | D27: VALOR | E27: FUNDAMENTO
A28: C.01 Férias | B28: =1/12 -> 0.083333333 | C28: (1/12) * TOTAL II | D28: =TRUNC(B28*$D$8,2) -> 750 | E28: Art. 7º, XVII, CF/88 e arts. 129 a 153 da CLT.
A29: C.02 Adicional de férias | B29: =(1/3)/12 -> 0.027777778 | C29: (1/3)/12 * TOTAL II | D29: =TRUNC(B29*$D$8,2) -> 250 | E29: Art. 7º, XVII, CF/88 e arts. 129 a 153 da CLT.
A30: C.03 Insumos e benefícios1 | B30: =D30/D8 -> 0.0069622222 | C30: (TOTAL IV - vale transporte)/12 | D30: =TRUNC((D63-(D57+D58))/12,2) -> 62.66 | E30: Súmula 159 do TST.
A31: C.04 Ausência por doença2 | B31: =(5.96/30)/12 -> 0.016555556 | C31: (5,96/30)/12 * TOTAL II | D31: =TRUNC(B31*$D$8,2) -> 149 | E31: Art. 59 a 63, Lei 8.213/91.
A32: C.05 Auxílio doença acidentário3 | B32: =(((15/30)/12)*0.00743) -> 0.00030958333 | C32: ((15/30)/12)* 0,00743 * TOTAL II | D32: =TRUNC(B32*$D$8,2) -> 2.78 | E32: Art. 19 a 23 da Lei, 8.213/91.
A33: C.06 Faltas legais4 | B33: =(2.96/30)/12 -> 0.0082222222 | C33: (2,96/30)/12 * TOTAL II | D33: =TRUNC(B33*$D$8,2) -> 74 | E33: Art. 473, CLT.
A34: C.07 Licença paternidade5 | B34: =((5/30)/12)*0.557*0.01092 -> 8.4478333e-05 | C34: [(5/30)/12] * 0,557* 0,01092 * TOTAL II | D34: =TRUNC(B34*$D$8,2) -> 0.76 | E34: Art. 7º, XIX, CF/88 e art. 473, III, CLT.
A35: C.08 Aviso prévio trabalhado6 | B35: =((7/30)/12)*0.9445 -> 0.018365278 | C35: [(7/30)/12] * 0,9445 * TOTAL II | D35: =TRUNC(B35*$D$8,2) -> 165.28 | E35: Art. 7º, XXI, CF/88, 477, 487 e 491 CLT.
A36: C.09 Afastamento maternidade7 | B36: =D36/D8 -> 0.00031333333 | C36: [(Férias + adicional de férias)/12 + (TOTAL IV - vale transporte)] * (4/12) * 0,01092 * 0,443 | D36: =TRUNC((((D8*(1+(1/3)))/12)+(D63-(D57+D58)))*(4/12)*0.01092*0.443,2) -> 2.82 | E36: Art. 7º, XVII, CF/88 e arts. 129 a 153 da CLT.
A37: C.10 Incidência dos encargos do grupo A sobre itens anteriores | B37: =B20*SUM(B28,B29,B31,B32,B33,B34,B35) -> 0.052271101 | C37: %TOTAL III-A * %(C.01+C.02+C.04+C.05+C.06+C.07+C.08) * TOTAL II | D37: =TRUNC(B37*$D$8,2) -> 470.43 | E37: Art. 15, da Lei 8.036/90, e o art. 214 do Decreto 3.048/1999
A38: C.11 Incidência dos encargos do grupo A sobre a remuneração do afastamento maternidade | B38: =B20*B36 -> 0.00010590667 | C38: %TOTAL III-A * C.09 * TOTAL II | D38: =TRUNC(B38*$D$8,2) -> 0.95 | E38: Art. 6º e 201, CF/88 e art. 392 CLT.
A39: TOTAL III-C | B39: =SUM(B28:B38) -> 0.21430079 | C39: (soma) | D39: =SUM(D28:D38) -> 1928.68 | E39: -
A40: 1Referentes unicamente à substituição por motivo de férias | B40: 4Estima-se de 2,96 ausências por ano. | D40: 7Tendo em conta a taxa de natalidade de 1,092% e o percentual de mulheres empregadas de 44,3%
A41: 2Estima-se de 5,96 dias de licença por ano. | B41: 5Tendo em vista a taxa de natalidade de 1,092% e o percentual de homens empregados de 55,7%
A42: 3Estima-se que 0,743% dos empregados alocados fruirão o benefício | B42: 6Redução de 7 dias ou de 2h por dia. Percentual relativo a contrato de 12 meses.
A43: GRUPO III-D - Provisão para a rescisão | B43: PERCENTUAL | C43: MEMÓRIA DE CÁLCULO | D43: VALOR | E43: FUNDAMENTO
A44: D.01 Aviso prévio indenizado¹ | B44: =(1/12)*0.0555 -> 0.004625 | C44: (1/12) * 0,0555 * TOTAL II | D44: =TRUNC(B44*$D$8,2) -> 41.62 | E44: Art. 7º, XXI, CF/88, 477,487 e 491 CLT.
A45: D.02 FGTS sobre aviso prévio indenizado | B45: =(1/12)*0.055*0.08 -> 0.00036666667 | C45: (1/12) * 0,055* 0,08 * TOTAL II | D45: =TRUNC(B45*$D$8,2) -> 3.3 | E45: Súmula 305 do TST.
A46: D.03 Indenização2 | B46: =0.4*0.08 -> 0.032 | C46: 0,4 * 0,08 * TOTAL II | D46: =TRUNC(B46*$D$8,2) -> 288 | E46: Art. 18, § 1º, Lei 8.036/90 e Art. 1º, Lei Complementar 110.
A47: D.04 Indenização adicional3 | B47: =(1/12)*0.01 -> 0.00083333333 | C47: (1/12)* % estimado de ocorrência * TOTAL II | D47: =TRUNC(B47*$D$8,2) -> 7.5 | E47: Art. 9º, Lei 7.238/84
A48: D.05 FGTS sobre afastamento superior a 15 dias por acidente de trabalho4 | B48: =0.08*B32 -> 2.4766667e-05 | C48: 0,08 * %C.05 | D48: =TRUNC(B48*D8,2) -> 0.22 | E48: Art. 15, §5° da Lei n. 8.036/1990
A49: TOTAL III-D | B49: =SUM(B44:B48) -> 0.037849767 | C49: (soma) | D49: =SUM(D44:D48) -> 340.64 | E49: -
A50: 1Estima-se que 5,55% dos empregados receberão o aviso prévio indenizado. | B50: 3Considerando que 1% dos empregados serão demitidos com indenização adicional..
A51: 2Multa de 40% do FGTS | B51: 4Estimativa de que 0,64% dos empregados fruem do auxílio doença acidentário por período médio de 30 dias.
A52: TOTAL III | B52: =SUM(B49,B39,B25,B20) -> 0.70165056 | C52: TOTAL III-A + TOTAL III-B + TOTAL III-C + TOTAL III-D | D52: =SUM(D20,D25,D39,D49) -> 6314.82 | E52: -
A54: IV - INSUMOS E BENEFÍCIOS
A55: GRUPO IV - Benefícios mensais e diários | B55: VALOR | C55: MEMÓRIA DE CÁLCULO | D55: VALOR | E55: FUNDAMENTO
A56: Vale alimentação/refeição1 | B56: 34.18 | C56: =B56 & " * 22" -> 34,18 * 22 | D56: =TRUNC(B56*22,2) -> 751.96 | E56: Baseado no preço médio de uma refeição de 500g nos restaurantes próximos à sede do BDMG
A57: Vale-transporte | B57: 5.25 | C57: =B57& " * 4 * 22" -> 5,25 * 4 * 22 | D57: =TRUNC(B57*22*4,2) -> 462 | E57: Mediana das tarifas expressas na PORTARIA SUMOB N° 074/2023, 2 passagens de ida e 2 de volta, 22 dias.
A58: Desconto legal sobre transporte (máximo de 6% do salário-base) | B58: =D58 -> -462 | C58: (-0,06*Salário) | D58: =IF(D57>=TRUNC(0.06*D7,2),TRUNC(-0.06*D7,2),-D57) -> -462 | E58: Art. 4º, parágrafo único, Lei 7.418/85.
A59: Plano de saúde | B59: ='Quadro Resumo'!B26 -> 0 | C59: =B59 & " * 3" -> 0 * 3 | D59: =ROUND(B59*3,2) -> 0 | E59: Consideradados o empregado e dois dependentes
A60: Taxa de adesão individual ao plano de saúde | B60: ='Quadro Resumo'!B27 -> 0 | C60: =B60&" * 3/12" -> 0 * 3/12 | D60: =ROUND(B60*3/12,2) -> 0 | E60: Consideradados o empregado e dois dependentes
A61: Outros insumos | B61: =ROUNDUP('CUSTOS DE VALOR SUBJETIVO'!B9/12,2) -> 0 | C61: Detalhada na aba CUSTOS DE VALOR SUBJETIVO | D61: =B61 -> 0 | E61: Insumos eventualmente não previstos na planilha necessários ao cumprimento do objeto.
A62: Outros benefícios obrigatórios | B62: =ROUNDUP('CUSTOS DE VALOR SUBJETIVO'!B17/12,2) -> 0 | C62: Detalhada na aba CUSTOS DE VALOR SUBJETIVO | D62: =B62 -> 0 | E62: Benefícios impostos pela legislação vigente, ACT ou CCT, não previstos na planilha
A63: TOTAL IV | C63: (soma) | D63: =SUM(D56:D62) -> 751.96 | E63: -
A64: ¹Baseado na mediana dos valores praticados pelo BDMG e na CCT SEAC/SINDEAC 2023. Esse valor é mínimo aceitável e não poderá ser reduzido. Caso seja necessária complementação, em razão de ACT/CCT ou legislação que vincule o licitante, o valor complementar deve ser incluído pelo campo Outros benefícios obrigatórios.
A66: TOTAL 1: TOTAL DA REMUNERAÇÃO + ENCARGOS SOCIAIS + INSUMOS | B66: - | C66: TOTAL II + TOTAL III + TOTAL IV | D66: =SUM(D8,D52,D63) -> 16066.78 | E66: -
A68: V - BONIFICAÇÃO E OUTRAS DESPESAS | B68: PERCENTUAL | C68: MEMÓRIA DE CÁLCULO | D68: VALOR | E68: FUNDAMENTO
A69: Lucro | B69: ='Quadro Resumo'!B21 -> 0 | C69: - | D69: =TRUNC(B69*D66,2) -> 0 | E69: -
A70: Despesas administrativas/operacionais | B70: ='Quadro Resumo'!B22 -> 0 | C70: Detalhada na aba CUSTOS DE VALOR SUBJETIVO | D70: =TRUNC(B70*D66,2) -> 0 | E70: Despesas advindas diretamente da prestação dos serviços e passíveis de serem repassadas ao BDMG
A71: TOTAL V | B71: =SUM(B69:B70) -> 0 | C71: (soma) | D71: =SUM(D69:D70) -> 0 | E71: -
A73: VI - TRIBUTAÇÃO SOBRE O FATURAMENTO | B73: PERCENTUAL | C73: MEMÓRIA DE CÁLCULO | D73: VALOR | E73: FUNDAMENTO
A74: ISSQN ou ISS | B74: ='Quadro Resumo'!B34 -> 0 | C74: ((TOTAL 1 + TOTAL V)/(1-(ISS + COFINS + PIS/PASEP)))*alíquota | D74: =TRUNC((($D$66+$D$71)/(1-(($B$74+$B$75+$B$76))))*(B74),2) -> 0 | E74: Art. 156, III, CF/88
A75: COFINS | B75: ='Quadro Resumo'!B35 -> 0 | D75: =TRUNC((($D$66+$D$71)/(1-(($B$74+$B$75+$B$76))))*(B75),2) -> 0 | E75: Art. 195, CF/88 e Lei Complementar 70/91
A76: PIS/PASEP | B76: ='Quadro Resumo'!B36 -> 0 | D76: =TRUNC((($D$66+$D$71)/(1-(($B$74+$B$75+$B$76))))*(B76),2) -> 0 | E76: Art. 239, CF/88
A77: TOTAL VI | B77: =SUM(B74:B76) -> 0 | C77: (soma) | D77: =SUM(D74:D76) -> 0 | E77: -
A79: CUSTO POR PROFISSIONAL | B79: - | C79: MEMÓRIA DE CÁLCULO | D79: MENSAL | E79: ANUAL
B80: - | C80: (TOTAL 1 + TOTAL V + TOTAL VI) | D80: =TRUNC(SUM(D66,D71,D77),2) -> 16066.78 | E80: =D80*12 -> 192801.36
A82: CUSTO POR PROFISSIONAL NOS CINCO ANOS DE VIGÊNCIA CONTRATUAL | B82: - | C82: MEMÓRIA DE CÁLCULO | D82: VALOR | E82: VALOR GLOBAL
A83: CUSTO ANUAL POR PROFISSIONAL | B83: =E80 -> 192801.36 | C83: (CUSTO ANUAL POR PROFISSIONAL) * 5 | D83: =B83*5 -> 964006.8 | E83: =D83+D84 -> 964006.8
A84: Custo pelo equipamento utilizado no regime de teletrabalho | B84: ='Quadro Resumo'!C17 -> 0 | C84: Informado na aba Quadro Resumo | D84: ='Quadro Resumo'!C17 -> 0
